 Dungeon Crawl Stone Soup version 0.31-a0-210-gccc998df9b (webtiles) character file.

Game seed: 6263152349537600473

394250 qw the Slayer (level 23, -12/158 (162) HPs)
             Began as a Gargoyle Fighter on June 30, 2023.
             Was an Elder of Okawaru.
             Mangled by a storm dragon (26 damage)
             ... on level 5 of the Vaults.
             The game lasted 00:32:36 (51211 turns).

qw the Slayer (Gargoyle Fighter)                   Turns: 51211, Time: 00:32:36

HP:   -12/158 (162) AC: 49    Str: 35    XL:     23   Next: 16%
MP:   25/30         EV: 18    Int: 14    God:    Okawaru [****..]
Gold: 322           SH: 25    Dex:  9    Spells: 22/22 levels left

rFire   + . .        n - +4 broad axe (chaos)
rCold   + + +        y - +2 tower shield {rC+}
rNeg    + . .        x - +1 chain mail of Youthful Indiscretion {rF+ rC++ SInv}
rPois   inf          g - +2 helmet
rElec   +            J - +2 cloak of the Bursted God {Int+4}
rCorr   .            s - +0 pair of gloves of the Morning Star {Will+}
SInv    +            z - +2 pair of boots
Will    ++...        I - amulet of faith Stlth
                     h - ring "Iwus" {rPois rC+ Str+5 Slay+3}
HPRegen 0.46/turn    G - +5 ring of evasion
MPRegen 0.22/turn

%: faith
@: about to teleport, heroic, finesse-ful, marked, flying, lightly drained
A: sickness immunity, AC +17, big wings, negative energy resistance 1,
electricity resistance, torment resistance 1, petrification resistance
}: 2/15 runes: serpentine, barnacled
a: Renounce Religion, Heroism, Finesse


You were on level 5 of the Vaults.
You worshipped Okawaru.
Okawaru was greatly pleased with you.
You visited 8 branches of the dungeon, and saw 40 of its levels.

You collected 3822 gold pieces.
You spent 3500 gold pieces at shops.


Innate Abilities, Weirdness & Mutations

You are immune to sickness and miasma.
Your stone body is resilient. (AC +17)
You are immune to poison.
Your large and strong wings let you fly.
You resist negative energy. (rN+)
You are resistant to electric shocks. (rElec)
You are resistant to unholy torment.
You are immune to petrification.


   Skills:
 - Level 22.0(27) Fighting
 - Level 18.0(23.0) Axes
 - Level 12.0(17.0) Throwing
 + Level 18.5(23.5) Armour
 - Level 7.0(12.0) Dodging
 - Level 21.2(26.2) Shields
 - Level 10.0 Invocations


You had 22 spell levels left.
You didn't know any spells.
Your spell library was empty.

Inventory:

Hand Weapons
 c - a +0 broad axe
 n - a +4 broad axe of chaos (weapon)
Missiles
 E - 24 javelins
 M - 4 silver javelins (quivered)
Armour
 f - the +2 pair of gloves "Lyemikua" {rF+ Str-5 Dex+2}
   (Okawaru gifted it to you on level 1 of the Vaults)

   Str:       It affects your strength (-5).
   Dex:       It affects your dexterity (+2).
   rF:        It protects you from fire.
 g - a +2 helmet (worn)
 k - +0 shadow dragon scales
 p - +0 ice dragon scales
 q - a +2 chain mail of fire resistance
 r - a +2 pair of gloves
 s - the +0 pair of gloves of the Morning Star (worn) {Will+}
   (Okawaru gifted it to you on level 3 of the Vaults)

   Will:      It increases your willpower.
 x - the +1 chain mail of Youthful Indiscretion (worn) {rF+ rC++ SInv}
   (You found it on level 2 of the Lair of Beasts)

   rF:        It protects you from fire.
   rC:        It greatly protects you from cold.
   SInv:      It lets you see invisible.
 y - a +2 tower shield of cold resistance (worn)
 z - a +2 pair of boots (worn)
 J - the +2 cloak of the Bursted God (worn) {Int+4}
   (You found it on level 1 of the Shoals)

   Int:       It affects your intelligence (+4).
 N - +0 fire dragon scales
Jewellery
 h - the ring "Iwus" (left hand) {rPois rC+ Str+5 Slay+3}
   (You bought it in a shop on level 3 of the Depths)

   [ring of poison resistance]

   Str:       It affects your strength (+5).
   Slay:      It affects your accuracy & damage with ranged weapons and melee
   (+3).
   rC:        It protects you from cold.
   rPois:     It protects you from poison.
 i - the amulet of Awahimat {RegenMP -Tele rF+ rC+++ Slay+2}
   (You found it on level 9 of the Dungeon)

   [amulet of magic regeneration]

   It increases your rate of magic regeneration.
   Slay:      It affects your accuracy & damage with ranged weapons and melee
   (+2).
   rF:        It protects you from fire.
   rC:        It renders you almost immune to cold.
   -Tele:     It prevents most forms of teleportation.
 v - the ring of Ubizas {rN+ rCorr Dex+3}
   (You bought it in a shop on level 3 of the Depths)

   [ring of resist corrosion]

   Dex:       It affects your dexterity (+3).
   rN:        It protects you from negative energy.
   rCorr:     It protects you from acid and corrosion.
 C - a ring of protection from cold
 G - a +5 ring of evasion (right hand)
 H - an amulet of reflection
 I - an amulet of faith (around neck)
 K - a ring of resist corrosion
 L - a ring of protection from fire
Wands
 F - a wand of digging (2)
Scrolls
 e - 14 scrolls of identify
 A - 4 scrolls of enchant armour
Potions
 a - 11 potions of attraction
 b - a potion of magic
 d - 6 potions of might
 j - 3 potions of haste
 l - 6 potions of enlightenment
 m - 4 potions of mutation
 o - 11 potions of curing
 t - 4 potions of resistance
 u - 7 potions of lignification
 w - 3 potions of cancellation

Dungeon Overview and Level Annotations

Branches:
Dungeon (15/15)            Temple (1/1) D:6            Lair (5/5) D:10
 Shoals (4/4) Lair:2        Snake (4/4) Lair:2        Slime (0/5) Lair:5
    Orc (2/2) D:12            Elf (0/3) Orc:2        Vaults (5/5) D:13
  Crypt (0/3) Vaults:3     Depths (4/4) D:15            Zot (0/5) Depths:4

Altars:
Ashenzari
Cheibriados
Dithmenos
Elyvilon
Fedhas
Gozag
Hepliaklqana
Kikubaaqudgha
Makhleb
Nemelex Xobeh
Okawaru
Qazlal
Ru
Sif Muna
Trog
Uskayaw
Vehumet
Wu Jian
Xom
Yredelemnul
Zin
The Shining One
Jiyva
Lugonu

Shops:
D:8 *(((   D:12 ([   D:14 !   D:15 =   Orc:2 ([*:   Shoals:1 (   Snake:1 !
Vaults:3 *   Vaults:4 [   Depths:3 =:=

Portals:
Hell: Depths:2 Depths:3 Depths:4
Abyss: Depths:2 Depths:3
Pandemonium: Depths:1 Depths:2
Ziggurat: Depths:1

Annotations:
D:3 3 runed translucent doors, qw's ghost, weakling MiHs
D:6 1 runed translucent door
D:10 1 runed translucent door
Vaults:3 1 runed translucent door, foobar1000's ghost, veteran SpHu
Depths:1 exclusions: 2 dread liches and lich


Message History

The iron dragon breathes metal splinters at you.
The spray of metal splinters hits you but does no damage.
The ettin misses you. You block the ettin's attack.
51209 ||| READING scroll of teleportation.
As you read the scroll of teleportation, it crumbles to dust.
You feel strangely unstable. The storm dragon barely misses you.
You block the storm dragon's attack. x2
You block the two-headed ogre's attack.
The two-headed ogre completely misses you.
You block the ettin's attack. The ettin hits you but does no damage.
The vault sentinel blows a loud note on a signal horn!
The tengu reaver gestures at you while chanting.
The bolt of negative energy hits you!! You partially resist.
You feel drained.
An iron dragon comes into view.
The iron dragon bites you but does no damage.
The iron dragon claws you but does no damage.
The iron dragon tramples you but does no damage.
The tengu reaver gestures at you while chanting.
The bolt of lightning misses you.
The bolt of lightning hits the storm dragon.
The storm dragon completely resists.
You slash the tengu reaver!
The tengu reaver's magic leaks into the air.
The tengu reaver is almost dead.
You slash the two-headed ogre!
The two-headed ogre seems to slow down.
You slice the tengu reaver!! You burn the tengu reaver.
You hit the iron dragon but do no damage.
You slash the ettin! You freeze the ettin.
You kill the ettin!
Okawaru accepts your kill.
You barely miss the storm dragon. You hit the tengu reaver.
The tengu reaver's magic leaks into the air.
The tengu reaver is almost dead.
You barely miss the two-headed ogre. You slice the tengu reaver!!
You burn the tengu reaver. You completely miss the iron dragon.
You hit the storm dragon but do no damage.
The storm dragon seems to grow stronger.
The storm dragon bites you!!
You die...

#. #. #( #. #.
#..#D #..#.
#..Hp
#..pD#########
#..WO@)ZQ.Te..
#..cQDQc..p...
#....ppQc...c.
#............c
#....#########
#.... #..#.
#..#. #..#.


You could see 2 iron dragons, an ironbound preserver, a storm dragon (strong,
sheltered, very poisoned, catching breath), a sphinx (sheltered), 2 vault
wardens, 4 tengu reavers, 2 yaktaur captains, a deep elf death mage, a
two-headed ogre shaped shifter (sheltered, slow), a deep troll, a vault sentinel
(sheltered, catching breath), a phantasmal warrior (sheltered), an ironbound
convoker, 2 yaktaurs and a storm dragon simulacrum.

Vanquished Creatures
  Mennas (Vaults:5)
  8 caustic shrikes (Depths:4)
  4 golden dragons
  A bone dragon (Depths:4)
  Rupert (D:12)
  Jorgrun (D:13)
  A walking earthen tome (Depths:4)
  5 liches
  A walking frostbound tome (Depths:3)
  2 titans (Vaults:5)
  Polyphemus (Shoals:2)
  3 sphinxes
  Kirke (Lair:3)
  An ancient champion (Vaults:3)
  Agnes (Snake:2)
  2 shadow dragons
  3 tengu reavers
  Roxanne (Snake:1)
  2 storm dragons
  5 frost giants
  13 nagarajas (Snake:4)
  A draconian knight (Depths:4)
  7 fire giants
  9 vault wardens
  An iron dragon (Depths:3)
  Aizul (Snake:3)
  A draconian stormcaller (Depths:4)
  2 formless jellyfish
  15 ironbound preservers
  8 very ugly things
  8 ironbound thunderhulks
  An orc warlord (Orc:2)
  2 spriggan defenders
  6 stone giants
  2 war gargoyles (Vaults:3)
  A deep elf demonologist (Vaults:2)
  2 vampire knights
  Azrael (Orc:2)
  A white draconian (Depths:4)
  2 green draconians (Depths:4)
  9 dire elephants
  2 eleionomae (Shoals:4)
  3 crystal guardians (Vaults:3)
  Snorg (D:10)
  5 spark wasps
  An iron golem (Depths:1)
  9 ettins
  A fire dragon (shapeshifter) (Depths:3)
  2 merfolk javelineers
  7 fire dragons
  2 entropy weavers
  7 great orbs of eyes
  7 merfolk impalers
  A deep elf death mage (Vaults:5)
  4 jiangshi
  2 rakshasas (D:15)
  12 yaktaur captains
  A deep elf high priest (Vaults:5)
  33 vault guards
  2 salamander tyrants (Snake:4)
  3 peacekeepers (Vaults:3)
  Fannar (D:11)
  7 ice dragons
  3 catoblepae
  10 hydras
  A jorogumo (shapeshifter) (Vaults:4)
  Erica (D:10)
  4 merfolk avatars
  2 alligator snapping turtles (Shoals:4)
  An ogre mage (Depths:2)
  8 anacondas
  3 spriggan air magi
  2 ironbound frosthearts
  A radroach (shapeshifter) (Vaults:5)
  6 boulder beetles
  8 two-headed ogres
  19 naga warriors
  8 merfolk aquamancers
  6 death yaks
  7 satyrs
  18 centaur warriors
  2 tengu warriors
  5 deep troll earth magi
  Urug (D:13)
  3 deep troll shamans
  9 shock serpents
  2 spriggan berserkers (Depths:3)
  4 vampire magi
  4 orc high priests (Orc:2)
  13 hell knights
  12 naga sharpshooters
  Nergalle (D:12)
  2 skysharks
  5 iron trolls
  2 salamander mystics
  48 deep trolls
  A fire crab (D:9)
  7 skeletal warriors
  9 sea snakes
  3 glowing orange brains
  4 naga ritualists
  7 lindwurms
  8 wizards
  4 necromancers
  5 orc knights
  A phantasmal warrior (Vaults:5)
  10 ironbound convokers
  3 mana vipers
  A tengu zombie (Vaults:4)
  12 harpies
  4 orc sorcerers
  25 ugly things
  7 cyclopes
  21 fauns
  A shining eye (shapeshifter) (Depths:4)
  A wolf spider (D:10)
  16 manticores
  8 salamanders
  9 merfolk sirens
  35 black mambas
  11 guardian serpents
  2 human skeletons (Vaults:4)
  14 vault sentinels
  A black mamba (shapeshifter) (Depths:3)
  11 water nymphs
  5 elephants
  14 naga magi
  5 gargoyles
  A torpor snail (Lair:1)
  Maggie (D:10)
  17 cane toads
  Psyche (D:11)
  7 rime drakes
  44 yaktaurs
  2 kobold demonologists
  11 komodo dragons
  2 tengu conjurers
  2 freezing wraiths
  26 merfolk
  4 trolls
  8 wind drakes
  4 hornets
  23 dream sheep
  11 snapping turtles
  28 blink frogs
  21 slime creatures
  A flying skull (Vaults:3)
  3 spriggans
  2 wyverns
  Sigmund (D:3)
  A vampire (D:7)
  8 basilisks
  31 water elementals
  3 wraiths
  2 fire elementals (Orc:2)
  3 hogs (Lair:3)
  43 yaks
  A steam dragon (D:10)
  A redback (Vaults:1)
  8 vampire mosquitoes
  2 wargs
  45 nagas
  12 water moccasins
  2 hell hounds (Orc:2)
  A floating eye (shapeshifter) (D:15)
  36 orc warriors
  A sky beast (D:6)
  2 black bears
  15 wolves
  2 ice beasts
  3 ogres
  9 boggarts
  10 centaurs
  2 phantoms
  2 kobold brigands
  10 bullfrogs
  An entropy weaver simulacrum (Vaults:5)
  2 scorpions
  8 wights
  14 killer bees
  2 human simulacra (Vaults:4)
  8 howler monkeys
  10 electric eels
  6 crimson imps (D:8)
  5 jellies (Lair:5)
  28 orc priests
  6 hell rats (Lair:5)
  28 orc wizards
  2 sleepcaps
  Natasha (thrice) (D:3)
  3 iguanas
  Robin (D:3)
  3 gnolls (D:13)
  9 adders
  2 shadow imps (D:8)
  A white imp (D:8)
  4 ufetubi
  A dart slug (D:1)
  73 orcs
  9 endoplasms
  2 giant cockroaches
  12 goblins
  17 hobgoblins
  3 jackals (D:4)
  3 quokkas
  3 training dummies (Shoals:1)
  10 ball pythons
  4 bats
  3 frilled lizards
  A goblin skeleton (D:6)
  18 kobolds
  6 rats
1523 creatures vanquished.

Vanquished Creatures (others)
  A merfolk javelineer (Shoals:4)
  A naga warrior (Snake:4)
  A naga mage (Snake:4)
  A naga (Snake:4)
4 creatures vanquished.

Grand Total: 1527 creatures vanquished

Notes
Turn   | Place    | Note
-------+----------+-------------------------------------------
     0 | D:1      | qw the Gargoyle Fighter began the quest for the Orb.
     0 | D:1      | Reached XP level 1. HP: 14/14 MP: 1/1
     0 | D:1      | 0 ||| qw: Version: 0.3-a-26-gee661ec
     0 | D:1      | 0 ||| qw: Game counter: 7186
     0 | D:1      | 0 ||| qw: Melee chars always use a shield: true
     0 | D:1      | 0 ||| qw: God list: Okawaru
     0 | D:1      | 0 ||| qw: Allow faded altars: false
     0 | D:1      | 0 ||| qw: Do Orc after clearing Dungeon:15 true
     0 | D:1      | 0 ||| qw: Do second Lair branch before Depths: true
     0 | D:1      | 0 ||| qw: Lair rune preference: random
     0 | D:1      | 0 ||| qw: Goals: Normal, Zot:1-4, Slime:5, God:TSO, Crypt,
                  | Tomb, Abyss, Pan, Hells, Win
     0 | D:1      | 0 ||| PLANNING D:1-11
    41 | D:1      | You fall into a shaft and drop 1 floor!
    59 | D:2      | 59 ||| SWAPPING to +2 war axe of freezing.
    60 | D:2      | 60 ||| DROPPING +0 war axe.
   194 | D:1      | Reached XP level 2. HP: 19/19 MP: 2/2
   271 | D:1      | 271 ||| Stepping ~*~*~tactically~*~*~ (hiding).
   370 | D:1      | Reached skill level 3 in Axes
   569 | D:1      | Reached XP level 3. HP: 23/23 MP: 3/3
   652 | D:1      | 652 ||| Stepping ~*~*~tactically~*~*~ (hiding).
  1159 | D:1      | 1159 ||| UPGRADING to +5 ring of evasion.
  1160 | D:1      | 1160 ||| READING 3 scrolls labelled QABLOI QEAFOKOS.
  1161 | D:1      | 1161 ||| READING scroll labelled FEYX QUQAUZOA.
  1162 | D:1      | 1162 ||| READING scroll labelled WAPPES COURIC.
  1163 | D:1      | 1163 ||| READING scroll labelled DEZOUN PAUPU.
  1164 | D:1      | 1164 ||| READING scroll labelled ZETHUNITYT.
  1165 | D:1      | 1165 ||| DRINKING 2 golden potions.
  1166 | D:1      | 1166 ||| READING 2 scrolls of identify.
  1166 | D:1      | 1166 ||| IDENTIFYING sapphire potion
  1167 | D:1      | 1167 ||| DROPPING potion of degeneration.
  1772 | D:2      | 1772 ||| READING scroll labelled XORGHI WOECWIA.
  1788 | D:2      | 1788 ||| READING scroll labelled SETEDEUGUB.
  1889 | D:2      | 1889 ||| READING scroll labelled AKEMOEVV PAOR.
  1894 | D:2      | 1894 ||| DRINKING 2 clear potions.
  1895 | D:2      | 1895 ||| READING 2 scrolls of identify.
  1895 | D:2      | 1895 ||| IDENTIFYING silvery potion
  1911 | D:3      | Reached XP level 4. HP: 25/28 MP: 4/4
  1911 | D:3      | 1911 ||| STAIRDANCE
  1925 | D:3      | Found a runed translucent gate.
  1926 | D:3      | Found a runed translucent gate.
  1970 | D:3      | Noticed Sigmund
  1971 | D:3      | 1971 ||| Stepping ~*~*~tactically~*~*~ (hiding).
  1974 | D:3      | HP: 3/28 [Sigmund/puff of flame (8)]
  1975 | D:3      | Killed Sigmund
  1976 | D:3      | Reached XP level 5. HP: 3/32 MP: 5/5
  1976 | D:3      | Reached XP level 6. HP: 4/37 MP: 6/6
  1976 | D:3      | 1976 ||| Stepping ~*~*~tactically~*~*~ (stealth).
  1977 | D:3      | 1977 ||| FLEEEEING.
  1978 | D:3      | 1978 ||| FLEEEEING.
  1979 | D:3      | 1979 ||| FLEEEEING.
  1980 | D:3      | 1980 ||| FLEEEEING.
  1981 | D:3      | 1981 ||| FLEEEEING.
  1982 | D:3      | 1982 ||| FLEEEEING.
  1983 | D:3      | 1983 ||| FLEEEEING.
  1987 | D:3      | 1987 ||| FLEEEEING.
  1988 | D:3      | Found a runed translucent gate.
  1989 | D:3      | 1989 ||| FLEEEEING.
  1990 | D:3      | 1990 ||| FLEEEEING.
  1991 | D:3      | 1991 ||| FLEEEEING.
  1992 | D:3      | 1992 ||| FLEEEEING.
  1993 | D:3      | 1993 ||| FLEEEEING.
  1994 | D:3      | 1994 ||| FLEEEEING.
  1995 | D:3      | 1995 ||| FLEEEEING.
  1996 | D:3      | 1996 ||| STAIRDANCE
  2100 | D:2      | 2100 ||| READING scroll labelled IQEAHESHRANA.
  2101 | D:2      | 2101 ||| READING 2 scrolls of identify.
  2101 | D:2      | 2101 ||| IDENTIFYING glowing dark potion
  2102 | D:2      | 2102 ||| DROPPING potion of ambrosia.
  2236 | D:3      | Found a shimmering blue altar of Sif Muna.
  2243 | D:3      | Noticed Robin
  2248 | D:3      | Noticed Natasha
  2258 | D:3      | Killed Robin
  2259 | D:3      | Killed Natasha
  2260 | D:3      | Reached skill level 4 in Fighting
  2385 | D:3      | Noticed Natasha
  2386 | D:3      | 2386 ||| Stepping ~*~*~tactically~*~*~ (stealth).
  2391 | D:3      | 2391 ||| Stepping ~*~*~tactically~*~*~ (stealth).
  2392 | D:3      | 2392 ||| Stepping ~*~*~tactically~*~*~ (stealth).
  2405 | D:3      | 2405 ||| Stepping ~*~*~tactically~*~*~ (stealth).
  2410 | D:3      | Killed Natasha
  2411 | D:3      | Reached skill level 1 in Dodging
  2596 | D:3      | 2596 ||| Stepping ~*~*~tactically~*~*~ (stealth).
  2598 | D:3      | 2598 ||| Stepping ~*~*~tactically~*~*~ (hiding).
  2710 | D:3      | Noticed qw's ghost (weakling MiHs)
  2788 | D:3      | 2788 ||| Stepping ~*~*~tactically~*~*~ (stealth).
  2789 | D:3      | 2789 ||| Stepping ~*~*~tactically~*~*~ (stealth).
  2795 | D:3      | Noticed Natasha
  2802 | D:3      | Killed Natasha
  3079 | D:3      | 3079 ||| UPGRADING to +0 helmet.
  3084 | D:3      | 3084 ||| READING scroll labelled FECROX DUH.
  3085 | D:3      | 3085 ||| READING 3 scrolls labelled EWNIRCHI CYALAUX.
  3086 | D:3      | 3086 ||| DRINKING 2 white potions.
  3087 | D:3      | 3087 ||| DROPPING 2 scrolls of immolation.
  3199 | D:4      | 3199 ||| Stepping ~*~*~tactically~*~*~ (stealth).
  3317 | D:4      | Reached skill level 6 in Axes
  3317 | D:4      | Reached XP level 7. HP: 43/43 MP: 7/7
  3482 | D:4      | 3482 ||| Stepping ~*~*~tactically~*~*~ (stealth).
  3493 | D:4      | 3493 ||| Stepping ~*~*~tactically~*~*~ (stealth).
  3496 | D:4      | 3496 ||| Stepping ~*~*~tactically~*~*~ (stealth).
  3642 | D:4      | 3642 ||| UPGRADING to ring of willpower.
  3643 | D:4      | 3643 ||| READING scroll labelled TENWAO XUHIOV.
  3646 | D:5      | Entered Level 5 of the Dungeon
  3707 | D:5      | 3707 ||| DROPPING +0 heavy war axe.
  4219 | D:5      | Found a shadowy altar of Dithmenos.
  4226 | D:5      | Reached skill level 5 in Fighting
  4226 | D:5      | Reached XP level 8. HP: 49/49 MP: 8/8
  4228 | D:5      | 4228 ||| UPGRADING to +0 pair of boots.
  4233 | D:5      | 4233 ||| READING 2 scrolls of identify.
  4233 | D:5      | 4233 ||| IDENTIFYING viscous grey potion
  4280 | D:6      | 4280 ||| DROPPING +0 club.
  4284 | D:6      | 4284 ||| DROPPING +0 whip.
  4312 | D:6      | 4312 ||| Stepping ~*~*~tactically~*~*~ (hiding).
  4326 | D:6      | 4326 ||| Stepping ~*~*~tactically~*~*~ (hiding).
  4327 | D:6      | 4327 ||| Stepping ~*~*~tactically~*~*~ (stealth).
  4328 | D:6      | 4328 ||| Stepping ~*~*~tactically~*~*~ (hiding).
  4329 | D:6      | 4329 ||| Stepping ~*~*~tactically~*~*~ (hiding).
  4349 | D:6      | 4349 ||| Stepping ~*~*~tactically~*~*~ (hiding).
  4388 | D:6      | Found a runed translucent door.
  4393 | D:6      | Found a basalt altar of Yredelemnul.
  4557 | D:6      | Found a staircase to the Ecumenical Temple.
  4558 | D:6      | 4558 ||| PLANNING TEMPLE
  4566 | Temple   | Entered the Ecumenical Temple
  4567 | Temple   | 4567 ||| PLANNING OKAWARU WORSHIP
  4572 | Temple   | Became a worshipper of Warmaster Okawaru
  4573 | Temple   | 4573 ||| PLANNING D:1-11
  4586 | D:6      | 4586 ||| Stepping ~*~*~tactically~*~*~ (stealth).
  4587 | D:6      | 4587 ||| Stepping ~*~*~tactically~*~*~ (stealth).
  4595 | D:6      | 4595 ||| Stepping ~*~*~tactically~*~*~ (hiding).
  4597 | D:6      | 4597 ||| Stepping ~*~*~tactically~*~*~ (hiding).
  4603 | D:6      | 4603 ||| Stepping ~*~*~tactically~*~*~ (stealth).
  4723 | D:6      | Reached skill level 1 in Throwing
  4766 | D:6      | Reached skill level 6 in Fighting
  4861 | D:7      | Noticed a gargoyle
  4863 | D:7      | 4863 ||| Stepping ~*~*~tactically~*~*~ (hiding).
  4874 | D:7      | Killed a gargoyle
  4874 | D:7      | Reached * piety under Okawaru
  4875 | D:7      | Reached skill level 9 in Axes
  4875 | D:7      | Reached XP level 9. HP: 51/55 MP: 9/9
  4932 | D:7      | 4932 ||| INVOKING Heroism.
  4938 | D:7      | HP: 8/55 [something (9)]
  4939 | D:7      | 4939 ||| READING 2 scrolls of teleportation.
  4939 | D:7      | HP: 1/55 [something (8)]
  4940 | D:7      | 4940 ||| DRINKING 2 potions of heal wounds.
  4943 | D:7      | 4943 ||| INVOKING Heroism.
  5112 | D:7      | 5112 ||| DROPPING +1 whip of distortion.
  5328 | D:7      | Noticed a manticore
  5336 | D:7      | 5336 ||| INVOKING Heroism.
  5338 | D:7      | Reached skill level 1 in Invocations
  5352 | D:7      | 5352 ||| INVOKING Heroism.
  5353 | D:7      | Killed a manticore
  5354 | D:7      | Reached skill level 7 in Fighting
  5354 | D:7      | Reached skill level 3 in Invocations
  5357 | D:7      | 5357 ||| FLEEEEING.
  5358 | D:7      | 5358 ||| FLEEEEING.
  5359 | D:7      | 5359 ||| FLEEEEING.
  5360 | D:7      | 5360 ||| FLEEEEING.
  5361 | D:7      | 5361 ||| FLEEEEING.
  5362 | D:7      | 5362 ||| FLEEEEING.
  5363 | D:7      | 5363 ||| FLEEEEING.
  5364 | D:7      | 5364 ||| FLEEEEING.
  5365 | D:7      | 5365 ||| FLEEEEING.
  5366 | D:7      | 5366 ||| FLEEEEING.
  5367 | D:7      | 5367 ||| FLEEEEING.
  5484 | D:7      | 5484 ||| UPGRADING to +0 chain mail.
  5495 | D:7      | 5495 ||| INVOKING Heroism.
  5565 | D:7      | 5565 ||| DROPPING +0 scale mail.
  5747 | D:7      | Reached ** piety under Okawaru
  6272 | D:7      | 6272 ||| READING scroll labelled ILEPYKAAQIBB.
  6273 | D:7      | 6273 ||| DRINKING 2 green potions.
  6356 | D:8      | Reached XP level 10. HP: 51/63 MP: 13/13
  6357 | D:8      | 6357 ||| INVOKING Heroism.
  6365 | D:8      | Reached skill level 8 in Fighting
  6516 | D:8      | Found Aberiheump's General Store.
  6542 | D:8      | 6542 ||| BUYING potion of curing (33 gold).
  6542 | D:8      | Bought a potion of curing for 33 gold pieces
  6542 | D:8      | 6542 ||| BUYING scroll of teleportation (33 gold).
  6542 | D:8      | Bought a scroll of teleportation for 33 gold pieces
  6616 | D:8      | Found Xyco's Weapon Boutique.
  6621 | D:8      | 6621 ||| SHOPLISTING +5 mace "Kuynom" {heavy, rF++} (658
                  | gold, have 396).
  6680 | D:8      | Found Ciyddadd's Antique Weapon Shoppe.
  6696 | D:8      | 6696 ||| BUYING broad axe (76 gold).
  6696 | D:8      | Bought a broad axe for 76 gold pieces
  6696 | D:8      | 6696 ||| BUYING polished war axe (161 gold).
  6696 | D:8      | Bought a polished war axe for 161 gold pieces
  6696 | D:8      | Identified the +4 war axe of Dishonesty {drain, Will+} (You
                  | bought it in a shop on level 8 of the Dungeon)
  6696 | D:8      | 6696 ||| SWAPPING to +0 broad axe.
  6697 | D:8      | 6697 ||| DROPPING +4 war axe of Dishonesty {drain, Will+}.
  6698 | D:8      | 6698 ||| DROPPING +3 war axe of freezing.
  6783 | D:8      | Found Cijumum's Weapon Emporium.
  6833 | D:8      | 6833 ||| Stepping ~*~*~tactically~*~*~ (stealth).
  6841 | D:8      | Reached *** piety under Okawaru
  6935 | D:8      | 6935 ||| Stepping ~*~*~tactically~*~*~ (stealth).
  6936 | D:8      | 6936 ||| Stepping ~*~*~tactically~*~*~ (hiding).
  6947 | D:8      | 6947 ||| INVOKING Heroism.
  6963 | D:8      | Reached skill level 6 in Armour
  6998 | D:8      | 6998 ||| Stepping ~*~*~tactically~*~*~ (stealth).
  7005 | D:8      | 7005 ||| INVOKING Heroism.
  7092 | D:8      | 7092 ||| DROPPING +0 mace.
  7288 | D:8      | 7288 ||| DROPPING ring of magical power.
  7289 | D:8      | 7289 ||| READING 2 scrolls labelled YGIMYE HAWOAV.
  7290 | D:8      | 7290 ||| READING scroll of enchant armour.
  7290 | D:8      | 7290 ||| ENCHANTING +0 helmet.
  7354 | D:9      | 7354 ||| FLEEEEING.
  7355 | D:9      | 7355 ||| FLEEEEING.
  7359 | D:9      | 7359 ||| FLEEEEING.
  7360 | D:9      | 7360 ||| FLEEEEING.
  7361 | D:9      | 7361 ||| FLEEEEING.
  7362 | D:9      | 7362 ||| FLEEEEING.
  7363 | D:9      | 7363 ||| Stepping ~*~*~tactically~*~*~ (hiding).
  7364 | D:9      | 7364 ||| Stepping ~*~*~tactically~*~*~ (hiding).
  7367 | D:9      | 7367 ||| INVOKING Heroism.
  7548 | D:9      | Noticed a kobold demonologist
  7551 | D:9      | 7551 ||| Stepping ~*~*~tactically~*~*~ (hiding).
  7567 | D:9      | Killed a kobold demonologist
  7568 | D:9      | Reached skill level 9 in Fighting
  7721 | D:9      | 7721 ||| Stepping ~*~*~tactically~*~*~ (stealth).
  7733 | D:9      | 7733 ||| INVOKING Heroism.
  7736 | D:9      | Reached XP level 11. HP: 47/71 MP: 11/14
  7747 | D:9      | Received a gift from Okawaru
  7913 | D:9      | Noticed a skeletal warrior
  7914 | D:9      | 7914 ||| INVOKING Heroism.
  7923 | D:9      | Killed a skeletal warrior
  7924 | D:9      | Reached skill level 3 in Throwing
  8013 | D:9      | Noticed a centaur warrior
  8014 | D:9      | Noticed a four-headed hydra
  8015 | D:9      | 8015 ||| INVOKING Heroism.
  8016 | D:9      | 8016 ||| SWAPPING to +3 flail.
  8031 | D:9      | Killed a centaur warrior
  8031 | D:9      | HP: 14/71 [four-headed hydra (4)]
  8032 | D:9      | 8032 ||| READING 3 scrolls of teleportation.
  8033 | D:9      | 8033 ||| DRINKING potion of heal wounds.
  8037 | D:9      | 8037 ||| SWAPPING to +0 broad axe.
  8200 | D:9      | 8200 ||| INVOKING Heroism.
  8398 | D:9      | Reached **** piety under Okawaru
  8399 | D:9      | Reached skill level 12 in Axes
  8400 | D:9      | 8400 ||| INVOKING Heroism.
  8402 | D:9      | Noticed a fire crab
  8410 | D:9      | Killed a fire crab
  8562 | D:9      | Identified the amulet of Awahimat {RegenMP -Tele rF+ rC+++
                  | Slay+2}
  8725 | D:9      | 8725 ||| INVOKING Heroism.
  8729 | D:9      | 8729 ||| SWAPPING to +3 flail.
  8734 | D:9      | Killed a four-headed hydra
  8735 | D:9      | Reached skill level 6 in Shields
  8735 | D:9      | 8735 ||| SWAPPING to +0 broad axe.
  8939 | D:9      | 8939 ||| UPGRADING to +0 plate armour.
  8949 | D:9      | 8949 ||| DROPPING +0 chain mail.
  8950 | D:9      | 8950 ||| UPGRADING to +4 ring of protection.
  8952 | D:9      | 8952 ||| DROPPING ring of willpower.
  8953 | D:9      | 8953 ||| READING 2 scrolls labelled GAFIGY MEAB.
  8954 | D:9      | 8954 ||| READING 4 scrolls of identify.
  8954 | D:9      | 8954 ||| IDENTIFYING emerald potion
  8955 | D:9      | 8955 ||| READING 3 scrolls of identify.
  8955 | D:9      | 8955 ||| IDENTIFYING murky brown potion
  8956 | D:9      | 8956 ||| READING 2 scrolls of identify.
  8956 | D:9      | 8956 ||| IDENTIFYING inky potion
  8957 | D:9      | 8957 ||| DROPPING potion of brilliance.
  8958 | D:9      | 8958 ||| DROPPING scroll of vulnerability.
  8969 | D:10     | Entered Level 10 of the Dungeon
  8981 | D:10     | 8981 ||| READING scroll of enchant armour.
  8981 | D:10     | 8981 ||| ENCHANTING +1 helmet.
  9046 | D:10     | 9046 ||| INVOKING Heroism.
  9051 | D:10     | Found a sparkling altar of Nemelex Xobeh.
  9067 | D:10     | 9067 ||| Stepping ~*~*~tactically~*~*~ (stealth).
  9096 | D:10     | Identified the +10 flail of the Bursting Viper {heavy,
                  | rPois Will- Int+7 SInv}
  9099 | D:10     | Noticed Erica
  9100 | D:10     | 9100 ||| Stepping ~*~*~tactically~*~*~ (stealth).
  9109 | D:10     | 9109 ||| Stepping ~*~*~tactically~*~*~ (stealth).
  9110 | D:10     | 9110 ||| Stepping ~*~*~tactically~*~*~ (stealth).
  9111 | D:10     | 9111 ||| Stepping ~*~*~tactically~*~*~ (stealth).
  9112 | D:10     | 9112 ||| Stepping ~*~*~tactically~*~*~ (stealth).
  9113 | D:10     | 9113 ||| INVOKING Heroism.
  9122 | D:10     | 9122 ||| Stepping ~*~*~tactically~*~*~ (cloud).
  9148 | D:10     | Noticed Maggie
  9165 | D:10     | 9165 ||| INVOKING Heroism.
  9166 | D:10     | Killed Maggie
  9255 | D:10     | 9255 ||| SWAPPING to +1 broad axe of draining.
  9339 | D:10     | 9339 ||| Stepping ~*~*~tactically~*~*~ (stealth).
  9342 | D:10     | 9342 ||| Stepping ~*~*~tactically~*~*~ (stealth).
  9350 | D:10     | Noticed Snorg
  9351 | D:10     | 9351 ||| INVOKING Heroism.
  9366 | D:10     | Killed Snorg
  9461 | D:10     | Found a glowing silver altar of Zin.
  9551 | D:10     | 9551 ||| Stepping ~*~*~tactically~*~*~ (hiding).
  9552 | D:10     | 9552 ||| Stepping ~*~*~tactically~*~*~ (hiding).
  9554 | D:10     | 9554 ||| Stepping ~*~*~tactically~*~*~ (hiding).
  9556 | D:10     | 9556 ||| INVOKING Heroism.
  9560 | D:10     | 9560 ||| DRINKING 7 potions of curing.
  9560 | D:10     | 9560 ||| (to cure confusion)
  9561 | D:10     | Noticed a two-headed ogre
  9568 | D:10     | 9568 ||| DRINKING 6 potions of curing.
  9568 | D:10     | 9568 ||| (to cure confusion)
  9571 | D:10     | 9571 ||| DRINKING 5 potions of curing.
  9571 | D:10     | 9571 ||| (to cure confusion)
  9572 | D:10     | 9572 ||| DRINKING 4 potions of curing.
  9572 | D:10     | 9572 ||| (to cure confusion)
  9573 | D:10     | Killed Erica
  9576 | D:10     | 9576 ||| INVOKING Heroism.
  9577 | D:10     | Killed a two-headed ogre
  9578 | D:10     | Reached XP level 12. HP: 65/76 MP: 12/16
  9632 | D:10     | 9632 ||| Stepping ~*~*~tactically~*~*~ (stealth).
  9748 | D:10     | Found a staircase to the Lair.
  9825 | D:10     | 9825 ||| Stepping ~*~*~tactically~*~*~ (stealth).
  9827 | D:10     | 9827 ||| Stepping ~*~*~tactically~*~*~ (stealth).
  9829 | D:10     | 9829 ||| Stepping ~*~*~tactically~*~*~ (hiding).
  9830 | D:10     | 9830 ||| Stepping ~*~*~tactically~*~*~ (hiding).
  9833 | D:10     | 9833 ||| Stepping ~*~*~tactically~*~*~ (hiding).
  9835 | D:10     | 9835 ||| Stepping ~*~*~tactically~*~*~ (hiding).
  9836 | D:10     | 9836 ||| Stepping ~*~*~tactically~*~*~ (hiding).
  9839 | D:10     | 9839 ||| Stepping ~*~*~tactically~*~*~ (hiding).
  9848 | D:10     | Reached skill level 6 in Invocations
  9953 | D:10     | Found a runed translucent door.
  9992 | D:10     | Noticed a deep troll earth mage
  9992 | D:10     | Noticed a seven-headed hydra
  9993 | D:10     | Identified the +10 dagger "Lesied" {flame, rN+}
  9993 | D:10     | Noticed a centaur warrior
  9995 | D:10     | 9995 ||| PLANNING LAIR
 10039 | Lair:1   | Entered Level 1 of the Lair of Beasts
 10123 | Lair:1   | 10123 ||| Stepping ~*~*~tactically~*~*~ (stealth).
 10170 | Lair:1   | 10170 ||| INVOKING Heroism.
 10172 | Lair:1   | 10172 ||| Stepping ~*~*~tactically~*~*~ (stealth).
 10185 | Lair:1   | Received a gift from Okawaru
 10201 | Lair:1   | Reached skill level 10 in Fighting
 10219 | Lair:1   | Reached skill level 9 in Armour
 10228 | Lair:1   | 10228 ||| FLEEEEING.
 10229 | Lair:1   | 10229 ||| FLEEEEING.
 10230 | Lair:1   | 10230 ||| FLEEEEING.
 10231 | Lair:1   | 10231 ||| FLEEEEING.
 10232 | Lair:1   | 10232 ||| FLEEEEING.
 10233 | Lair:1   | 10233 ||| FLEEEEING.
 10234 | Lair:1   | 10234 ||| FLEEEEING.
 10235 | Lair:1   | 10235 ||| FLEEEEING.
 10236 | Lair:1   | 10236 ||| FLEEEEING.
 10237 | Lair:1   | 10237 ||| FLEEEEING.
 10238 | Lair:1   | 10238 ||| FLEEEEING.
 10239 | Lair:1   | 10239 ||| FLEEEEING.
 10240 | Lair:1   | 10240 ||| FLEEEEING.
 10241 | Lair:1   | 10241 ||| FLEEEEING.
 10242 | Lair:1   | 10242 ||| FLEEEEING.
 10243 | Lair:1   | 10243 ||| FLEEEEING.
 10244 | Lair:1   | 10244 ||| FLEEEEING.
 10245 | Lair:1   | 10245 ||| STAIRDANCE
 10268 | D:10     | 10268 ||| Stepping ~*~*~tactically~*~*~ (hiding).
 10280 | D:10     | Killed a deep troll earth mage
 10362 | D:10     | 10362 ||| INVOKING Heroism.
 10368 | D:10     | 10368 ||| SWAPPING to +10 flail of the Bursting Viper
                  | {heavy, rPois Will- Int+7 SInv}.
 10369 | D:10     | Killed a seven-headed hydra
 10370 | D:10     | 10370 ||| SWAPPING to +1 broad axe of draining.
 10389 | D:10     | 10389 ||| Stepping ~*~*~tactically~*~*~ (stealth).
 10437 | D:10     | 10437 ||| Stepping ~*~*~tactically~*~*~ (stealth).
 10439 | D:10     | 10439 ||| Stepping ~*~*~tactically~*~*~ (stealth).
 10444 | D:10     | Reached ***** piety under Okawaru
 10466 | D:10     | Noticed a centaur warrior
 10467 | D:10     | 10467 ||| Stepping ~*~*~tactically~*~*~ (stealth).
 10477 | D:10     | Killed a centaur warrior
 10687 | Lair:1   | 10687 ||| Stepping ~*~*~tactically~*~*~ (stealth).
 10689 | Lair:1   | 10689 ||| Stepping ~*~*~tactically~*~*~ (stealth).
 10690 | Lair:1   | 10690 ||| Stepping ~*~*~tactically~*~*~ (stealth).
 10692 | Lair:1   | 10692 ||| Stepping ~*~*~tactically~*~*~ (stealth).
 10806 | Lair:1   | Reached skill level 9 in Invocations
 10807 | Lair:1   | 10807 ||| INVOKING Heroism.
 11136 | Lair:2   | 11136 ||| Stepping ~*~*~tactically~*~*~ (stealth).
 11149 | Lair:2   | Received a gift from Okawaru
 11298 | Lair:2   | Found a staircase to the Snake Pit.
 11299 | Lair:2   | 11299 ||| Stepping ~*~*~tactically~*~*~ (hiding).
 11300 | Lair:2   | 11300 ||| Stepping ~*~*~tactically~*~*~ (hiding).
 11311 | Lair:2   | 11311 ||| INVOKING Heroism.
 11457 | Lair:2   | Reached XP level 13. HP: 75/82 MP: 20/20
 11521 | Lair:2   | Found a staircase to the Shoals.
 11522 | Lair:2   | 11522 ||| Stepping ~*~*~tactically~*~*~ (hiding).
 11672 | Lair:2   | 11672 ||| INVOKING Heroism.
 11673 | Lair:2   | 11673 ||| INVOKING Finesse.
 11676 | Lair:2   | 11676 ||| SWAPPING to +10 flail of the Bursting Viper
                  | {heavy, rPois Will- Int+7 SInv}.
 11680 | Lair:2   | 11680 ||| SWAPPING to +1 broad axe of draining.
 11848 | Lair:2   | Identified the +1 chain mail of Youthful Indiscretion {rF+
                  | rC++ SInv}
 12059 | Lair:2   | 12059 ||| INVOKING Heroism.
 12243 | Lair:2   | 12243 ||| UPGRADING to +1 chain mail of Youthful
                  | Indiscretion {rF+ rC++ SInv}.
 12253 | Lair:2   | 12253 ||| DROPPING amulet of magic regeneration.
 12254 | Lair:2   | 12254 ||| DRINKING 2 pink potions.
 12359 | Lair:2   | 12359 ||| DROPPING potion of berserk rage.
 12451 | Lair:3   | 12451 ||| Stepping ~*~*~tactically~*~*~ (stealth).
 12552 | Lair:3   | Noticed Kirke
 12553 | Lair:3   | 12553 ||| INVOKING Heroism.
 12554 | Lair:3   | 12554 ||| INVOKING Finesse.
 12573 | Lair:3   | Killed Kirke
 12654 | Lair:3   | 12654 ||| INVOKING Heroism.
 12715 | Lair:3   | Found the +2 hood of the Assassin {Detect Stab+ Stlth++}
 12763 | Lair:3   | 12763 ||| Stepping ~*~*~tactically~*~*~ (stealth).
 12797 | Lair:3   | 12797 ||| INVOKING Heroism.
 13181 | Lair:3   | 13181 ||| INVOKING Heroism.
 13183 | Lair:3   | 13183 ||| Stepping ~*~*~tactically~*~*~ (stealth).
 13191 | Lair:3   | Reached skill level 11 in Fighting
 13440 | Lair:4   | 13440 ||| INVOKING Heroism.
 13458 | Lair:4   | Received a gift from Okawaru
 13501 | Lair:4   | 13501 ||| INVOKING Heroism.
 13536 | Lair:4   | 13536 ||| INVOKING Heroism.
 13613 | Lair:4   | Found a blossoming altar of Fedhas.
 13717 | Lair:4   | 13717 ||| INVOKING Heroism.
 13764 | Lair:4   | 13764 ||| Stepping ~*~*~tactically~*~*~ (stealth).
 13766 | Lair:4   | 13766 ||| INVOKING Heroism.
 14089 | Lair:4   | 14089 ||| INVOKING Heroism.
 14093 | Lair:4   | Gained mutation: Your large and strong wings let you fly.
                  | [Gargoyle growth]
 14093 | Lair:4   | Reached XP level 14. HP: 90/90 MP: 18/21
 14147 | Lair:4   | 14147 ||| INVOKING Heroism.
 14269 | Lair:4   | 14269 ||| DROPPING ring of positive energy.
 14270 | Lair:4   | 14270 ||| READING 3 scrolls of identify.
 14270 | Lair:4   | 14270 ||| IDENTIFYING fuming purple potion
 14292 | Lair:5   | Entered Level 5 of the Lair of Beasts
 14295 | Lair:5   | Reached skill level 6 in Throwing
 14299 | Lair:5   | Received a gift from Okawaru
 14301 | Lair:5   | 14301 ||| STAIRDANCE
 14304 | Lair:4   | 14304 ||| INVOKING Heroism.
 14309 | Lair:4   | Reached skill level 15 in Axes
 14465 | Lair:5   | 14465 ||| Stepping ~*~*~tactically~*~*~ (stealth).
 14466 | Lair:5   | 14466 ||| Stepping ~*~*~tactically~*~*~ (stealth).
 14467 | Lair:5   | 14467 ||| Stepping ~*~*~tactically~*~*~ (stealth).
 14468 | Lair:5   | 14468 ||| Stepping ~*~*~tactically~*~*~ (stealth).
 14481 | Lair:5   | Reached skill level 3 in Dodging
 14488 | Lair:5   | 14488 ||| INVOKING Heroism.
 14493 | Lair:5   | Received a gift from Okawaru
 14494 | Lair:5   | 14494 ||| Stepping ~*~*~tactically~*~*~ (stealth).
 14513 | Lair:5   | Reached skill level 12 in Fighting
 14519 | Lair:5   | 14519 ||| FLEEEEING.
 14520 | Lair:5   | 14520 ||| FLEEEEING.
 14673 | Lair:5   | Found a burning altar of Makhleb.
 14742 | Lair:5   | 14742 ||| INVOKING Heroism.
 14743 | Lair:5   | 14743 ||| SWAPPING to +3 flail.
 14744 | Lair:5   | 14744 ||| INVOKING Finesse.
 14753 | Lair:5   | 14753 ||| SWAPPING to +1 broad axe of draining.
 14825 | Lair:5   | 14825 ||| Stepping ~*~*~tactically~*~*~ (stealth).
 14833 | Lair:5   | 14833 ||| Stepping ~*~*~tactically~*~*~ (stealth).
 14837 | Lair:5   | 14837 ||| INVOKING Heroism.
 14842 | Lair:5   | 14842 ||| SWAPPING to +3 flail.
 14855 | Lair:5   | 14855 ||| SWAPPING to +1 broad axe of draining.
 15038 | Lair:5   | Found a staircase to the Slime Pits.
 15039 | Lair:5   | Found a viscous altar of Jiyva.
 15054 | Lair:5   | Received a gift from Okawaru
 15103 | Lair:5   | 15103 ||| Stepping ~*~*~tactically~*~*~ (stealth).
 15105 | Lair:5   | 15105 ||| Stepping ~*~*~tactically~*~*~ (stealth).
 15154 | Lair:5   | 15154 ||| READING scroll of enchant weapon.
 15154 | Lair:5   | 15154 ||| ENCHANTING +1 broad axe of draining.
 15181 | Lair:5   | 15181 ||| Stepping ~*~*~tactically~*~*~ (stealth).
 15184 | Lair:5   | 15184 ||| INVOKING Heroism.
 15185 | Lair:5   | 15185 ||| INVOKING Finesse.
 15309 | Lair:5   | 15309 ||| Stepping ~*~*~tactically~*~*~ (hiding).
 15310 | Lair:5   | 15310 ||| INVOKING Heroism.
 15314 | Lair:5   | 15314 ||| SWAPPING to +3 flail.
 15326 | Lair:5   | 15326 ||| Stepping ~*~*~tactically~*~*~ (outnumbered).
 15336 | Lair:5   | HP: 17/92 [eight-headed hydra (9)]
 15337 | Lair:5   | 15337 ||| READING 6 scrolls of teleportation.
 15340 | Lair:5   | HP: 5/92 [eight-headed hydra (10)]
 15343 | Lair:5   | 15343 ||| SWAPPING to +2 broad axe of draining.
 15372 | Lair:5   | 15372 ||| INVOKING Heroism.
 15374 | Lair:5   | 15374 ||| READING 5 scrolls of teleportation.
 15616 | Lair:5   | Identified the +0 trident of Ekuqib {freeze, Fly rF+ Will+}
 15742 | Lair:5   | 15742 ||| Stepping ~*~*~tactically~*~*~ (hiding).
 15743 | Lair:5   | 15743 ||| Stepping ~*~*~tactically~*~*~ (hiding).
 15804 | Lair:5   | 15804 ||| Stepping ~*~*~tactically~*~*~ (hiding).
 15805 | Lair:5   | 15805 ||| INVOKING Heroism.
 15807 | Lair:5   | 15807 ||| INVOKING Finesse.
 15809 | Lair:5   | 15809 ||| SWAPPING to +3 flail.
 15819 | Lair:5   | 15819 ||| SWAPPING to +2 broad axe of draining.
 16001 | Lair:5   | 16001 ||| READING scroll of enchant weapon.
 16001 | Lair:5   | 16001 ||| ENCHANTING +2 broad axe of draining.
 16063 | Lair:5   | 16063 ||| PLANNING D:1-11
 16063 | Lair:5   | 16063 ||| UPGRADING to amulet of the acrobat.
 16068 | Lair:5   | 16068 ||| READING scroll labelled HONUITW RACOGG.
 16280 | D:11     | Noticed Psyche
 16286 | D:11     | Killed Psyche
 16387 | D:11     | 16387 ||| Stepping ~*~*~tactically~*~*~ (hiding).
 16389 | D:11     | 16389 ||| Stepping ~*~*~tactically~*~*~ (hiding).
 16446 | D:11     | 16446 ||| INVOKING Heroism.
 16447 | D:11     | 16447 ||| INVOKING Finesse.
 16498 | D:11     | Noticed Fannar
 16512 | D:11     | Killed Fannar
 16670 | D:11     | 16670 ||| PLANNING D
 16717 | D:12     | 16717 ||| STAIRDANCE
 16758 | D:12     | Found Xurphor's Armour Shoppe.
 16760 | D:12     | Found a staircase to the Orcish Mines.
 16768 | D:12     | Reached XP level 15. HP: 96/96 MP: 22/22
 16768 | D:12     | Found Falam's Weapon Shoppe.
 16788 | D:12     | 16788 ||| SHOPLISTING +0 shadow dragon scales (1040 gold,
                  | have 826).
 16852 | D:12     | 16852 ||| Stepping ~*~*~tactically~*~*~ (hiding).
 16863 | D:12     | 16863 ||| INVOKING Heroism.
 16870 | D:12     | Noticed Rupert
 16871 | D:12     | 16871 ||| INVOKING Finesse.
 16901 | D:12     | Killed Rupert
 17123 | D:12     | 17123 ||| FLEEEEING.
 17124 | D:12     | 17124 ||| FLEEEEING.
 17125 | D:12     | 17125 ||| FLEEEEING.
 17126 | D:12     | 17126 ||| FLEEEEING.
 17127 | D:12     | 17127 ||| FLEEEEING.
 17128 | D:12     | 17128 ||| FLEEEEING.
 17129 | D:12     | 17129 ||| STAIRDANCE
 17157 | D:12     | Noticed Nergalle
 17170 | D:12     | Killed Nergalle
 17174 | D:12     | Received a gift from Okawaru
 17300 | D:12     | 17300 ||| INVOKING Heroism.
 17553 | D:12     | 17553 ||| Stepping ~*~*~tactically~*~*~ (hiding).
 17555 | D:12     | 17555 ||| Stepping ~*~*~tactically~*~*~ (hiding).
 17586 | D:12     | 17586 ||| UPGRADING to +0 pair of gloves.
 17591 | D:12     | 17591 ||| READING 5 scrolls of identify.
 17591 | D:12     | 17591 ||| IDENTIFYING grey potion
 17592 | D:12     | 17592 ||| DROPPING potion of invisibility.
 17634 | D:13     | 17634 ||| Stepping ~*~*~tactically~*~*~ (hiding).
 17802 | D:13     | 17802 ||| INVOKING Heroism.
 17803 | D:13     | 17803 ||| SWAPPING to +3 flail.
 17804 | D:13     | 17804 ||| INVOKING Finesse.
 17815 | D:13     | 17815 ||| SWAPPING to +3 broad axe of draining.
 17892 | D:13     | 17892 ||| Stepping ~*~*~tactically~*~*~ (hiding).
 17893 | D:13     | 17893 ||| Stepping ~*~*~tactically~*~*~ (hiding).
 18124 | D:13     | 18124 ||| Stepping ~*~*~tactically~*~*~ (stealth).
 18126 | D:13     | 18126 ||| Stepping ~*~*~tactically~*~*~ (stealth).
 18128 | D:13     | 18128 ||| Stepping ~*~*~tactically~*~*~ (hiding).
 18157 | D:13     | 18157 ||| INVOKING Heroism.
 18165 | D:13     | Received a gift from Okawaru
 18166 | D:13     | Found a gate to the Vaults.
 18410 | D:13     | Noticed Urug
 18411 | D:13     | 18411 ||| Stepping ~*~*~tactically~*~*~ (stealth).
 18413 | D:13     | 18413 ||| INVOKING Heroism.
 18414 | D:13     | 18414 ||| INVOKING Finesse.
 18429 | D:13     | Received a gift from Okawaru
 18439 | D:13     | Killed Urug
 18551 | D:13     | 18551 ||| UPGRADING to +0 tower shield.
 18561 | D:13     | 18561 ||| DRINKING 6 potions of curing.
 18561 | D:13     | 18561 ||| (to cure confusion)
 18564 | D:13     | 18564 ||| DROPPING +0 buckler.
 18568 | D:13     | 18568 ||| Stepping ~*~*~tactically~*~*~ (hiding).
 18677 | D:13     | Found a shimmering altar of Xom.
 18733 | D:13     | Noticed Jorgrun
 18734 | D:13     | 18734 ||| INVOKING Heroism.
 18743 | D:13     | HP: 24/97 [constriction (6)]
 18744 | D:13     | 18744 ||| READING 5 scrolls of teleportation.
 18745 | D:13     | 18745 ||| DRINKING 2 potions of heal wounds.
 18909 | D:13     | 18909 ||| Stepping ~*~*~tactically~*~*~ (hiding).
 18910 | D:13     | 18910 ||| Stepping ~*~*~tactically~*~*~ (hiding).
 18917 | D:13     | 18917 ||| INVOKING Heroism.
 18928 | D:13     | Killed Jorgrun
 19164 | D:13     | Reached skill level 9 in Shields
 19206 | D:14     | 19206 ||| STAIRDANCE
 19257 | D:13     | 19257 ||| DROPPING +3 flail.
 19270 | D:14     | 19270 ||| Stepping ~*~*~tactically~*~*~ (stealth).
 19279 | D:14     | 19279 ||| Stepping ~*~*~tactically~*~*~ (stealth).
 19280 | D:14     | 19280 ||| Stepping ~*~*~tactically~*~*~ (stealth).
 19297 | D:14     | 19297 ||| Stepping ~*~*~tactically~*~*~ (hiding).
 19298 | D:14     | 19298 ||| Stepping ~*~*~tactically~*~*~ (hiding).
 19499 | D:14     | 19499 ||| Stepping ~*~*~tactically~*~*~ (hiding).
 19500 | D:14     | Found Dicizaj's Distillery.
 19537 | D:14     | 19537 ||| BUYING potion of cancellation (128 gold).
 19537 | D:14     | Bought a potion of cancellation for 128 gold pieces
 19537 | D:14     | 19537 ||| BUYING potion of curing (48 gold).
 19537 | D:14     | Bought a potion of curing for 48 gold pieces
 19537 | D:14     | 19537 ||| BUYING potion of curing (48 gold).
 19537 | D:14     | Bought a potion of curing for 48 gold pieces
 19537 | D:14     | 19537 ||| BUYING potion of heal wounds (80 gold).
 19537 | D:14     | Bought a potion of heal wounds for 80 gold pieces
 19537 | D:14     | 19537 ||| BUYING potion of mutation (128 gold).
 19537 | D:14     | Bought a potion of mutation for 128 gold pieces
 19551 | D:14     | Found a sparkling altar of Nemelex Xobeh.
 19605 | D:14     | Received a gift from Okawaru
 19612 | D:14     | 19612 ||| INVOKING Heroism.
 19722 | D:14     | 19722 ||| Stepping ~*~*~tactically~*~*~ (hiding).
 19724 | D:14     | 19724 ||| INVOKING Heroism.
 19725 | D:14     | 19725 ||| SWAPPING to +0 morningstar.
 19726 | D:14     | 19726 ||| INVOKING Finesse.
 19730 | D:14     | 19730 ||| SWAPPING to +3 broad axe of draining.
 19737 | D:14     | 19737 ||| Stepping ~*~*~tactically~*~*~ (hiding).
 19742 | D:14     | 19742 ||| Stepping ~*~*~tactically~*~*~ (hiding).
 19748 | D:14     | 19748 ||| SWAPPING to +0 morningstar.
 19757 | D:14     | 19757 ||| SWAPPING to +3 broad axe of draining.
 19797 | D:14     | 19797 ||| Stepping ~*~*~tactically~*~*~ (hiding).
 20193 | D:15     | Entered Level 15 of the Dungeon
 20194 | D:15     | 20194 ||| INVOKING Heroism.
 20214 | D:15     | HP: 19/97 [skeletal warrior/+0 halberd (8)]
 20215 | D:15     | 20215 ||| READING 5 scrolls of teleportation.
 20216 | D:15     | 20216 ||| DRINKING 2 potions of heal wounds.
 20402 | D:15     | Found Orodofav's Jewellery Boutique.
 20404 | D:15     | 20404 ||| BUYING +6 ring of strength (468 gold).
 20404 | D:15     | Bought a +6 ring of strength for 468 gold pieces
 20404 | D:15     | 20404 ||| SHOPLISTING ring of fire (325 gold, have 254).
 20404 | D:15     | 20404 ||| SHOPLISTING ring of protection from cold (325
                  | gold, have 254).
 20404 | D:15     | 20404 ||| SHOPLISTING ring of resist corrosion (260 gold,
                  | have 254).
 20443 | D:15     | 20443 ||| Stepping ~*~*~tactically~*~*~ (hiding).
 20445 | D:15     | 20445 ||| Stepping ~*~*~tactically~*~*~ (hiding).
 20469 | D:15     | 20469 ||| Stepping ~*~*~tactically~*~*~ (stealth).
 20477 | D:15     | 20477 ||| INVOKING Heroism.
 20478 | D:15     | 20478 ||| INVOKING Finesse.
 20479 | D:15     | 20479 ||| Stepping ~*~*~tactically~*~*~ (hiding).
 20482 | D:15     | 20482 ||| Stepping ~*~*~tactically~*~*~ (hiding).
 20483 | D:15     | 20483 ||| Stepping ~*~*~tactically~*~*~ (hiding).
 20571 | D:15     | 20571 ||| Stepping ~*~*~tactically~*~*~ (hiding).
 20598 | D:15     | 20598 ||| Stepping ~*~*~tactically~*~*~ (hiding).
 20632 | D:15     | 20632 ||| INVOKING Heroism.
 20635 | D:15     | 20635 ||| Stepping ~*~*~tactically~*~*~ (stealth).
 20735 | D:15     | Reached skill level 12 in Shields
 20883 | D:15     | 20883 ||| Stepping ~*~*~tactically~*~*~ (stealth).
 20885 | D:15     | 20885 ||| Stepping ~*~*~tactically~*~*~ (hiding).
 20888 | D:15     | 20888 ||| INVOKING Heroism.
 20912 | D:15     | 20912 ||| Stepping ~*~*~tactically~*~*~ (stealth).
 20914 | D:15     | 20914 ||| Stepping ~*~*~tactically~*~*~ (hiding).
 20950 | D:15     | Reached XP level 16. HP: 103/103 MP: 23/23
 21047 | D:15     | 21047 ||| INVOKING Heroism.
 21226 | D:15     | 21226 ||| Stepping ~*~*~tactically~*~*~ (hiding).
 21244 | D:15     | 21244 ||| FLEEEEING.
 21256 | D:15     | 21256 ||| Stepping ~*~*~tactically~*~*~ (stealth).
 21258 | D:15     | 21258 ||| Stepping ~*~*~tactically~*~*~ (stealth).
 21316 | D:15     | 21316 ||| INVOKING Heroism.
 21319 | D:15     | 21319 ||| READING 6 scrolls of teleportation.
 21420 | D:15     | Identified the ring of Bov Utir {+Blink Str+6 Int+2 Stlth+}
 21454 | D:15     | 21454 ||| Stepping ~*~*~tactically~*~*~ (stealth).
 21456 | D:15     | 21456 ||| Stepping ~*~*~tactically~*~*~ (hiding).
 21457 | D:15     | 21457 ||| Stepping ~*~*~tactically~*~*~ (hiding).
 21458 | D:15     | 21458 ||| Stepping ~*~*~tactically~*~*~ (hiding).
 21586 | D:15     | 21586 ||| Stepping ~*~*~tactically~*~*~ (stealth).
 21614 | D:15     | 21614 ||| Stepping ~*~*~tactically~*~*~ (stealth).
 21616 | D:15     | 21616 ||| Stepping ~*~*~tactically~*~*~ (stealth).
 21618 | D:15     | 21618 ||| READING 5 scrolls of teleportation.
 21619 | D:15     | 21619 ||| FLEEEEING.
 21620 | D:15     | 21620 ||| FLEEEEING.
 21621 | D:15     | 21621 ||| FLEEEEING.
 21622 | D:15     | 21622 ||| FLEEEEING.
 21659 | D:15     | 21659 ||| Stepping ~*~*~tactically~*~*~ (stealth).
 21667 | D:15     | 21667 ||| INVOKING Heroism.
 21669 | D:15     | 21669 ||| READING 4 scrolls of teleportation.
 21723 | D:15     | 21723 ||| INVOKING Heroism.
 21724 | D:15     | 21724 ||| READING 3 scrolls of teleportation.
 21774 | D:15     | 21774 ||| Stepping ~*~*~tactically~*~*~ (stealth).
 21782 | D:15     | 21782 ||| INVOKING Heroism.
 21817 | D:15     | Found a staircase to the Depths.
 21825 | D:15     | 21825 ||| PLANNING ORC
 21825 | D:15     | 21825 ||| DROPPING amulet of guardian spirit.
 21826 | D:15     | 21826 ||| UPGRADING to amulet of reflection.
 21836 | D:15     | 21836 ||| DROPPING amulet of the acrobat.
 21837 | D:15     | 21837 ||| UPGRADING to amulet of faith.
 21847 | D:15     | 21847 ||| UPGRADING to +6 ring of strength.
 21849 | D:15     | 21849 ||| DROPPING ring of Bov Utir {+Blink Str+6 Int+2
                  | Stlth+}.
 21850 | D:15     | 21850 ||| DROPPING +4 ring of protection.
 21972 | Orc:1    | Entered Level 1 of the Orcish Mines
 22113 | Orc:1    | 22113 ||| Stepping ~*~*~tactically~*~*~ (stealth).
 22115 | Orc:1    | 22115 ||| Stepping ~*~*~tactically~*~*~ (hiding).
 22118 | Orc:1    | 22118 ||| INVOKING Heroism.
 22120 | Orc:1    | 22120 ||| Stepping ~*~*~tactically~*~*~ (hiding).
 22121 | Orc:1    | 22121 ||| Stepping ~*~*~tactically~*~*~ (hiding).
 22197 | Orc:1    | 22197 ||| Stepping ~*~*~tactically~*~*~ (hiding).
 22198 | Orc:1    | 22198 ||| Stepping ~*~*~tactically~*~*~ (hiding).
 22204 | Orc:1    | 22204 ||| INVOKING Heroism.
 22362 | Orc:1    | 22362 ||| Stepping ~*~*~tactically~*~*~ (hiding).
 22367 | Orc:1    | 22367 ||| Stepping ~*~*~tactically~*~*~ (hiding).
 22645 | Orc:2    | Entered Level 2 of the Orcish Mines
 22646 | Orc:2    | 22646 ||| PLANNING GAUNTLET
 22660 | Orc:2    | Found a staircase to the Elven Halls.
 22674 | Orc:2    | 22674 ||| Stepping ~*~*~tactically~*~*~ (hiding).
 22681 | Orc:2    | 22681 ||| Stepping ~*~*~tactically~*~*~ (hiding).
 22830 | Orc:2    | 22830 ||| Stepping ~*~*~tactically~*~*~ (stealth).
 22849 | Orc:2    | Received a gift from Okawaru
 22856 | Orc:2    | Noticed Azrael
 22857 | Orc:2    | 22857 ||| INVOKING Heroism.
 22859 | Orc:2    | 22859 ||| FLEEEEING.
 22859 | Orc:2    | HP: 13/103 [Azrael/damnation (27)]
 22860 | Orc:2    | 22860 ||| FLEEEEING.
 22861 | Orc:2    | 22861 ||| FLEEEEING.
 22862 | Orc:2    | 22862 ||| FLEEEEING.
 22863 | Orc:2    | 22863 ||| FLEEEEING.
 22864 | Orc:2    | 22864 ||| FLEEEEING.
 22865 | Orc:2    | 22865 ||| FLEEEEING.
 22866 | Orc:2    | 22866 ||| FLEEEEING.
 22867 | Orc:2    | 22867 ||| FLEEEEING.
 22868 | Orc:2    | 22868 ||| FLEEEEING.
 22869 | Orc:2    | 22869 ||| FLEEEEING.
 22870 | Orc:2    | 22870 ||| FLEEEEING.
 22871 | Orc:2    | 22871 ||| FLEEEEING.
 22873 | Orc:2    | 22873 ||| FLEEEEING.
 22875 | Orc:2    | 22875 ||| FLEEEEING.
 22876 | Orc:2    | 22876 ||| STAIRDANCE
 23144 | Orc:2    | 23144 ||| STAIRDANCE
 23258 | Orc:2    | 23258 ||| RIP GAUNTLET
 23259 | Orc:2    | 23259 ||| PLANNING ORC
 23259 | Orc:2    | 23259 ||| STAIRDANCE
 23302 | Orc:2    | 23302 ||| INVOKING Heroism.
 23310 | Orc:2    | Killed Azrael
 23459 | Orc:2    | 23459 ||| INVOKING Heroism.
 23478 | Orc:2    | HP: 21/103 [orc warlord/+3 dire flail (26)]
 23479 | Orc:2    | 23479 ||| READING 2 scrolls of teleportation.
 23480 | Orc:2    | 23480 ||| DRINKING potion of heal wounds.
 23517 | Orc:2    | 23517 ||| INVOKING Heroism.
 23676 | Orc:2    | 23676 ||| Stepping ~*~*~tactically~*~*~ (stealth).
 23678 | Orc:2    | 23678 ||| Stepping ~*~*~tactically~*~*~ (hiding).
 23689 | Orc:2    | 23689 ||| INVOKING Heroism.
 23694 | Orc:2    | 23694 ||| Stepping ~*~*~tactically~*~*~ (hiding).
 23699 | Orc:2    | Paralysed by an orc sorcerer for 3 turns
 23760 | Orc:2    | Reached skill level 15 in Shields
 23769 | Orc:2    | 23769 ||| FLEEEEING.
 23770 | Orc:2    | 23770 ||| FLEEEEING.
 23771 | Orc:2    | 23771 ||| FLEEEEING.
 23772 | Orc:2    | 23772 ||| FLEEEEING.
 23773 | Orc:2    | 23773 ||| FLEEEEING.
 23775 | Orc:2    | 23775 ||| FLEEEEING.
 23776 | Orc:2    | 23776 ||| FLEEEEING.
 23777 | Orc:2    | 23777 ||| FLEEEEING.
 23778 | Orc:2    | 23778 ||| FLEEEEING.
 23779 | Orc:2    | 23779 ||| FLEEEEING.
 23780 | Orc:2    | 23780 ||| FLEEEEING.
 23781 | Orc:2    | 23781 ||| FLEEEEING.
 23782 | Orc:2    | 23782 ||| FLEEEEING.
 23786 | Orc:2    | 23786 ||| FLEEEEING.
 23787 | Orc:2    | 23787 ||| FLEEEEING.
 23788 | Orc:2    | 23788 ||| FLEEEEING.
 23789 | Orc:2    | 23789 ||| FLEEEEING.
 23790 | Orc:2    | 23790 ||| FLEEEEING.
 23791 | Orc:2    | 23791 ||| FLEEEEING.
 23792 | Orc:2    | 23792 ||| FLEEEEING.
 23793 | Orc:2    | 23793 ||| FLEEEEING.
 23794 | Orc:2    | 23794 ||| FLEEEEING.
 23795 | Orc:2    | 23795 ||| FLEEEEING.
 23796 | Orc:2    | 23796 ||| FLEEEEING.
 23797 | Orc:2    | 23797 ||| STAIRDANCE
 24031 | Orc:2    | Found Hosiajaq's Antique Armour Boutique.
 24032 | Orc:2    | Found Duehacu's Antique Weapon Shop.
 24034 | Orc:2    | Found Ruofrenua's General Store.
 24034 | Orc:2    | Found Ackud's Book Boutique.
 24038 | Orc:2    | 24038 ||| BUYING potion of might (56 gold).
 24038 | Orc:2    | Bought a potion of might for 56 gold pieces
 24048 | Orc:2    | 24048 ||| BUYING pair of runed boots (262 gold).
 24048 | Orc:2    | Bought a pair of runed boots for 262 gold pieces
 24133 | Orc:2    | 24133 ||| PLANNING SNAKE:1-3
 24133 | Orc:2    | 24133 ||| UPGRADING to +2 pair of boots.
 24143 | Orc:2    | 24143 ||| DROPPING +0 pair of boots.
 24259 | Snake:1  | Entered Level 1 of the Snake Pit
 24287 | Snake:1  | Identified Roxanne's Atlas of Transformation
 24287 | Snake:1  | Noticed Roxanne
 24288 | Snake:1  | 24288 ||| INVOKING Heroism.
 24313 | Snake:1  | HP: 19/103 [Roxanne/entropic shot (61)]
 24314 | Snake:1  | 24314 ||| READING scroll of teleportation.
 24560 | Snake:1  | 24560 ||| Stepping ~*~*~tactically~*~*~ (hiding).
 24728 | Snake:1  | Received a gift from Okawaru
 24974 | Snake:1  | You are sucked into a shaft and drop 1 floor!
 24982 | Snake:2  | 24982 ||| INVOKING Heroism.
 25005 | Snake:2  | 25005 ||| Stepping ~*~*~tactically~*~*~ (stealth).
 25006 | Snake:2  | 25006 ||| Stepping ~*~*~tactically~*~*~ (stealth).
 25050 | Snake:2  | 25050 ||| Stepping ~*~*~tactically~*~*~ (stealth).
 25085 | Snake:2  | 25085 ||| Stepping ~*~*~tactically~*~*~ (hiding).
 25096 | Snake:2  | Noticed Agnes
 25097 | Snake:2  | 25097 ||| INVOKING Heroism.
 25099 | Snake:2  | 25099 ||| INVOKING Finesse.
 25103 | Snake:2  | 25103 ||| Stepping ~*~*~tactically~*~*~ (hiding).
 25113 | Snake:2  | Killed Agnes
 25114 | Snake:2  | 25114 ||| Stepping ~*~*~tactically~*~*~ (hiding).
 25130 | Snake:2  | 25130 ||| Stepping ~*~*~tactically~*~*~ (hiding).
 25135 | Snake:2  | 25135 ||| Stepping ~*~*~tactically~*~*~ (hiding).
 25215 | Snake:2  | 25215 ||| INVOKING Heroism.
 25244 | Snake:2  | Received a gift from Okawaru
 25446 | Snake:2  | 25446 ||| INVOKING Heroism.
 25845 | Snake:1  | 25845 ||| INVOKING Heroism.
 25846 | Snake:1  | 25846 ||| INVOKING Finesse.
 25866 | Snake:1  | Killed Roxanne
 25917 | Snake:1  | 25917 ||| Stepping ~*~*~tactically~*~*~ (hiding).
 25919 | Snake:1  | 25919 ||| Stepping ~*~*~tactically~*~*~ (hiding).
 25921 | Snake:1  | 25921 ||| Stepping ~*~*~tactically~*~*~ (hiding).
 25922 | Snake:1  | 25922 ||| INVOKING Heroism.
 26177 | Snake:1  | Found Fips's Distillery.
 26185 | Snake:1  | 26185 ||| BUYING 2 potions of haste (380 gold).
 26185 | Snake:1  | Bought 2 potions of haste for 380 gold pieces
 26185 | Snake:1  | 26185 ||| BUYING potion of heal wounds (95 gold).
 26185 | Snake:1  | Bought a potion of heal wounds for 95 gold pieces
 26185 | Snake:1  | 26185 ||| BUYING potion of heal wounds (95 gold).
 26185 | Snake:1  | Bought a potion of heal wounds for 95 gold pieces
 26185 | Snake:1  | 26185 ||| BUYING potion of lignification (57 gold).
 26185 | Snake:1  | Bought a potion of lignification for 57 gold pieces
 26185 | Snake:1  | 26185 ||| BUYING potion of might (76 gold).
 26185 | Snake:1  | Bought a potion of might for 76 gold pieces
 26185 | Snake:1  | 26185 ||| SHOPLISTING potion of mutation (152 gold, have
                  | 38).
 26185 | Snake:1  | 26185 ||| SHOPLISTING potion of resistance (190 gold, have
                  | 38).
 26513 | Snake:1  | 26513 ||| DROPPING ring of wizardry.
 26563 | Snake:2  | 26563 ||| Stepping ~*~*~tactically~*~*~ (stealth).
 26565 | Snake:2  | 26565 ||| Stepping ~*~*~tactically~*~*~ (stealth).
 26566 | Snake:2  | 26566 ||| INVOKING Heroism.
 26801 | Snake:3  | Noticed Aizul
 26802 | Snake:3  | 26802 ||| INVOKING Heroism.
 26829 | Snake:3  | Killed Aizul
 26830 | Snake:3  | Reached XP level 17. HP: 105/108 MP: 24/24
 26866 | Snake:3  | Reached skill level 13 in Fighting
 26871 | Snake:3  | 26871 ||| INVOKING Heroism.
 26877 | Snake:3  | HP: 8/108 [naga warrior/+0 scimitar (34)]
 26878 | Snake:3  | 26878 ||| DRINKING 2 potions of heal wounds.
 26882 | Snake:3  | HP: 23/108 [constriction (5)]
 26883 | Snake:3  | 26883 ||| DRINKING potion of heal wounds.
 27396 | Snake:3  | 27396 ||| Stepping ~*~*~tactically~*~*~ (hiding).
 27397 | Snake:3  | 27397 ||| Stepping ~*~*~tactically~*~*~ (hiding).
 27542 | Snake:3  | Identified the +10 executioner's axe of Mucza {heavy, rN+
                  | Dex+4 SInv} (Okawaru gifted it to you on level 3 of the
                  | Snake Pit)
 27542 | Snake:3  | Received a gift from Okawaru
 28195 | Snake:3  | 28195 ||| PLANNING SHOALS:1-3
 28340 | Shoals:1 | Entered Level 1 of the Shoals
 28358 | Shoals:1 | 28358 ||| READING 3 scrolls of enchant armour.
 28358 | Shoals:1 | 28358 ||| ENCHANTING +0 pair of gloves.
 28359 | Shoals:1 | 28359 ||| READING 2 scrolls of enchant armour.
 28359 | Shoals:1 | 28359 ||| ENCHANTING +1 pair of gloves.
 28365 | Shoals:1 | 28365 ||| Stepping ~*~*~tactically~*~*~ (hiding).
 28439 | Shoals:1 | 28439 ||| Stepping ~*~*~tactically~*~*~ (stealth).
 28443 | Shoals:1 | 28443 ||| Stepping ~*~*~tactically~*~*~ (stealth).
 28445 | Shoals:1 | 28445 ||| Stepping ~*~*~tactically~*~*~ (stealth).
 28494 | Shoals:1 | 28494 ||| INVOKING Heroism.
 28495 | Shoals:1 | 28495 ||| INVOKING Finesse.
 28766 | Shoals:1 | 28766 ||| INVOKING Heroism.
 28767 | Shoals:1 | 28767 ||| INVOKING Finesse.
 28826 | Shoals:1 | 28826 ||| Stepping ~*~*~tactically~*~*~ (hiding).
 28922 | Shoals:1 | Identified the +2 cloak of the Bursted God {Int+4}
 28969 | Shoals:1 | Found Elitrukk's Firing Range.
 29274 | Shoals:1 | 29274 ||| UPGRADING to +2 cloak of the Bursted God {Int+4}.
 29279 | Shoals:1 | 29279 ||| DROPPING +1 pair of gloves.
 29311 | Shoals:2 | 29311 ||| Stepping ~*~*~tactically~*~*~ (hiding).
 29318 | Shoals:2 | 29318 ||| Stepping ~*~*~tactically~*~*~ (hiding).
 29355 | Shoals:2 | 29355 ||| Stepping ~*~*~tactically~*~*~ (stealth).
 29397 | Shoals:2 | Identified the +2 morningstar "Paicuer" {flame, Int+4}
 29399 | Shoals:2 | 29399 ||| DROPPING +0 morningstar.
 29430 | Shoals:2 | 29430 ||| FLEEEEING.
 29431 | Shoals:2 | 29431 ||| STAIRDANCE
 29483 | Shoals:2 | 29483 ||| INVOKING Heroism.
 29540 | Shoals:2 | 29540 ||| Stepping ~*~*~tactically~*~*~ (stealth).
 29656 | Shoals:2 | 29656 ||| INVOKING Heroism.
 29662 | Shoals:2 | Received a gift from Okawaru
 29746 | Shoals:2 | 29746 ||| INVOKING Heroism.
 29801 | Shoals:2 | Reached skill level 18 in Axes
 29830 | Shoals:2 | 29830 ||| FLEEEEING.
 29831 | Shoals:2 | 29831 ||| FLEEEEING.
 29832 | Shoals:2 | 29832 ||| FLEEEEING.
 29833 | Shoals:2 | 29833 ||| FLEEEEING.
 29834 | Shoals:2 | 29834 ||| FLEEEEING.
 29835 | Shoals:2 | 29835 ||| FLEEEEING.
 29836 | Shoals:2 | 29836 ||| FLEEEEING.
 29837 | Shoals:2 | 29837 ||| FLEEEEING.
 29838 | Shoals:2 | 29838 ||| INVOKING Heroism.
 30073 | Shoals:2 | Noticed Polyphemus
 30074 | Shoals:2 | 30074 ||| Stepping ~*~*~tactically~*~*~ (stealth).
 30076 | Shoals:2 | 30076 ||| INVOKING Heroism.
 30077 | Shoals:2 | 30077 ||| INVOKING Finesse.
 30097 | Shoals:2 | Killed Polyphemus
 30143 | Shoals:2 | 30143 ||| Stepping ~*~*~tactically~*~*~ (hiding).
 30145 | Shoals:2 | 30145 ||| Stepping ~*~*~tactically~*~*~ (hiding).
 30146 | Shoals:2 | 30146 ||| Stepping ~*~*~tactically~*~*~ (hiding).
 30154 | Shoals:2 | 30154 ||| Stepping ~*~*~tactically~*~*~ (hiding).
 30165 | Shoals:2 | 30165 ||| Stepping ~*~*~tactically~*~*~ (hiding).
 30166 | Shoals:2 | 30166 ||| Stepping ~*~*~tactically~*~*~ (hiding).
 30167 | Shoals:2 | 30167 ||| Stepping ~*~*~tactically~*~*~ (hiding).
 30625 | Shoals:3 | 30625 ||| INVOKING Heroism.
 30692 | Shoals:3 | 30692 ||| Stepping ~*~*~tactically~*~*~ (stealth).
 30697 | Shoals:3 | 30697 ||| INVOKING Heroism.
 30766 | Shoals:3 | 30766 ||| Stepping ~*~*~tactically~*~*~ (hiding).
 30767 | Shoals:3 | 30767 ||| Stepping ~*~*~tactically~*~*~ (hiding).
 30768 | Shoals:3 | 30768 ||| Stepping ~*~*~tactically~*~*~ (hiding).
 30769 | Shoals:3 | 30769 ||| INVOKING Heroism.
 30770 | Shoals:3 | 30770 ||| INVOKING Finesse.
 30772 | Shoals:3 | 30772 ||| Stepping ~*~*~tactically~*~*~ (hiding).
 30773 | Shoals:3 | 30773 ||| Stepping ~*~*~tactically~*~*~ (hiding).
 30887 | Shoals:3 | 30887 ||| Stepping ~*~*~tactically~*~*~ (hiding).
 30888 | Shoals:3 | 30888 ||| Stepping ~*~*~tactically~*~*~ (hiding).
 30895 | Shoals:3 | Reached skill level 14 in Fighting
 31065 | Shoals:3 | Received a gift from Okawaru
 31613 | Shoals:3 | 31613 ||| PLANNING SNAKE:4
 31805 | Snake:4  | Entered Level 4 of the Snake Pit
 31813 | Snake:4  | 31813 ||| Stepping ~*~*~tactically~*~*~ (hiding).
 31961 | Snake:4  | 31961 ||| INVOKING Heroism.
 31967 | Snake:4  | Reached skill level 18 in Shields
 31967 | Snake:4  | Reached XP level 18. HP: 116/116 MP: 23/25
 32028 | Snake:4  | 32028 ||| FLEEEEING.
 32110 | Snake:4  | 32110 ||| DROPPING +10 flail of the Bursting Viper {heavy,
                  | rPois Will- Int+7 SInv}.
 32111 | Snake:4  | 32111 ||| DROPPING +2 morningstar "Paicuer" {flame, Int+4}.
 32147 | Snake:4  | 32147 ||| INVOKING Heroism.
 32164 | Snake:4  | Reached skill level 12 in Armour
 32305 | Snake:4  | 32305 ||| INVOKING Heroism.
 32374 | Snake:4  | 32374 ||| Stepping ~*~*~tactically~*~*~ (stealth).
 32376 | Snake:4  | 32376 ||| Stepping ~*~*~tactically~*~*~ (hiding).
 32377 | Snake:4  | 32377 ||| Stepping ~*~*~tactically~*~*~ (hiding).
 32378 | Snake:4  | 32378 ||| Stepping ~*~*~tactically~*~*~ (hiding).
 32380 | Snake:4  | 32380 ||| Stepping ~*~*~tactically~*~*~ (hiding).
 32383 | Snake:4  | 32383 ||| INVOKING Heroism.
 32427 | Snake:4  | 32427 ||| Stepping ~*~*~tactically~*~*~ (stealth).
 32429 | Snake:4  | 32429 ||| Stepping ~*~*~tactically~*~*~ (stealth).
 32431 | Snake:4  | 32431 ||| Stepping ~*~*~tactically~*~*~ (stealth).
 32433 | Snake:4  | 32433 ||| Stepping ~*~*~tactically~*~*~ (stealth).
 32450 | Snake:4  | 32450 ||| INVOKING Heroism.
 32465 | Snake:4  | Received a gift from Okawaru
 32666 | Snake:4  | 32666 ||| Stepping ~*~*~tactically~*~*~ (hiding).
 32668 | Snake:4  | 32668 ||| INVOKING Heroism.
 32684 | Snake:4  | Reached skill level 15 in Fighting
 32697 | Snake:4  | 32697 ||| INVOKING Heroism.
 32721 | Snake:4  | 32721 ||| INVOKING Heroism.
 32743 | Snake:4  | 32743 ||| Stepping ~*~*~tactically~*~*~ (stealth).
 32744 | Snake:4  | 32744 ||| Stepping ~*~*~tactically~*~*~ (stealth).
 32760 | Snake:4  | 32760 ||| Stepping ~*~*~tactically~*~*~ (stealth).
 32770 | Snake:4  | 32770 ||| Stepping ~*~*~tactically~*~*~ (hiding).
 32772 | Snake:4  | 32772 ||| Stepping ~*~*~tactically~*~*~ (hiding).
 32828 | Snake:4  | 32828 ||| Stepping ~*~*~tactically~*~*~ (stealth).
 32829 | Snake:4  | 32829 ||| INVOKING Heroism.
 32837 | Snake:4  | Received a gift from Okawaru
 32878 | Snake:4  | 32878 ||| Stepping ~*~*~tactically~*~*~ (hiding).
 32892 | Snake:4  | 32892 ||| INVOKING Heroism.
 32933 | Snake:4  | 32933 ||| Stepping ~*~*~tactically~*~*~ (stealth).
 32958 | Snake:4  | 32958 ||| INVOKING Heroism.
 33131 | Snake:4  | 33131 ||| Stepping ~*~*~tactically~*~*~ (hiding).
 33134 | Snake:4  | 33134 ||| Stepping ~*~*~tactically~*~*~ (hiding).
 33136 | Snake:4  | 33136 ||| INVOKING Heroism.
 33196 | Snake:4  | 33196 ||| Stepping ~*~*~tactically~*~*~ (hiding).
 33209 | Snake:4  | Received a gift from Okawaru
 33245 | Snake:4  | 33245 ||| Stepping ~*~*~tactically~*~*~ (stealth).
 33250 | Snake:4  | 33250 ||| Stepping ~*~*~tactically~*~*~ (stealth).
 33311 | Snake:4  | 33311 ||| Stepping ~*~*~tactically~*~*~ (stealth).
 33312 | Snake:4  | 33312 ||| Stepping ~*~*~tactically~*~*~ (stealth).
 33323 | Snake:4  | 33323 ||| Stepping ~*~*~tactically~*~*~ (stealth).
 33405 | Snake:4  | 33405 ||| Stepping ~*~*~tactically~*~*~ (hiding).
 33406 | Snake:4  | 33406 ||| Stepping ~*~*~tactically~*~*~ (hiding).
 33407 | Snake:4  | 33407 ||| Stepping ~*~*~tactically~*~*~ (hiding).
 33409 | Snake:4  | 33409 ||| Stepping ~*~*~tactically~*~*~ (hiding).
 33545 | Snake:4  | Found a burning altar of Makhleb.
 33588 | Snake:4  | 33588 ||| Stepping ~*~*~tactically~*~*~ (hiding).
 33595 | Snake:4  | Received a gift from Okawaru
 33832 | Snake:4  | 33832 ||| INVOKING Heroism.
 33856 | Snake:4  | Received a gift from Okawaru
 33858 | Snake:4  | Identified the amulet "Jier" {Spirit Dex+2 Stlth+}
 33880 | Snake:4  | 33880 ||| Stepping ~*~*~tactically~*~*~ (hiding).
 33881 | Snake:4  | 33881 ||| Stepping ~*~*~tactically~*~*~ (hiding).
 34019 | Snake:4  | Identified the +5 whip of the Freezing God {flame, Fragile
                  | rN++ Int+3}
 34038 | Snake:4  | Identified the +1 chain mail "Galicke" {Int+6}
 34369 | Snake:4  | 34369 ||| INVOKING Heroism.
 34384 | Snake:4  | Got a serpentine rune of Zot
 34385 | Snake:4  | 34385 ||| PLANNING VAULTS:1-4
 34385 | Snake:4  | 34385 ||| DROPPING +1 kite shield of resistance.
 34386 | Snake:4  | 34386 ||| UPGRADING to +2 tower shield of cold resistance.
 34396 | Snake:4  | 34396 ||| DROPPING +0 tower shield.
 34397 | Snake:4  | 34397 ||| DROPPING +1 chain mail "Galicke" {Int+6}.
 34398 | Snake:4  | 34398 ||| DROPPING +6 ring of intelligence.
 34664 | Vaults:1 | Entered Level 1 of the Vaults
 34757 | Vaults:1 | 34757 ||| INVOKING Finesse.
 34768 | Vaults:1 | Received a gift from Okawaru
 34880 | Vaults:1 | 34880 ||| Stepping ~*~*~tactically~*~*~ (hiding).
 34882 | Vaults:1 | 34882 ||| Stepping ~*~*~tactically~*~*~ (hiding).
 34883 | Vaults:1 | 34883 ||| Stepping ~*~*~tactically~*~*~ (hiding).
 35058 | Vaults:1 | Reached skill level 9 in Throwing
 35058 | Vaults:1 | 35058 ||| FLEEEEING.
 35144 | Vaults:1 | Identified the +2 pair of gloves "Lyemikua" {rF+ Str-5
                  | Dex+2} (Okawaru gifted it to you on level 1 of the Vaults)
 35144 | Vaults:1 | Received a gift from Okawaru
 35194 | Vaults:1 | Reached XP level 19. HP: 124/124 MP: 26/26
 35287 | Vaults:1 | 35287 ||| READING scroll of enchant weapon.
 35287 | Vaults:1 | 35287 ||| ENCHANTING +3 broad axe of draining.
 35347 | Vaults:1 | 35347 ||| Stepping ~*~*~tactically~*~*~ (hiding).
 35348 | Vaults:1 | 35348 ||| Stepping ~*~*~tactically~*~*~ (hiding).
 35349 | Vaults:1 | 35349 ||| Stepping ~*~*~tactically~*~*~ (hiding).
 35439 | Vaults:1 | 35439 ||| Stepping ~*~*~tactically~*~*~ (hiding).
 35441 | Vaults:1 | 35441 ||| Stepping ~*~*~tactically~*~*~ (hiding).
 35443 | Vaults:1 | 35443 ||| Stepping ~*~*~tactically~*~*~ (hiding).
 35721 | Vaults:1 | 35721 ||| Stepping ~*~*~tactically~*~*~ (hiding).
 35816 | Vaults:1 | 35816 ||| Stepping ~*~*~tactically~*~*~ (hiding).
 35817 | Vaults:1 | 35817 ||| FLEEEEING.
 35827 | Vaults:1 | Reached skill level 16 in Fighting
 36006 | Vaults:1 | 36006 ||| FLEEEEING.
 36007 | Vaults:1 | 36007 ||| FLEEEEING.
 36008 | Vaults:1 | 36008 ||| FLEEEEING.
 36009 | Vaults:1 | 36009 ||| FLEEEEING.
 36010 | Vaults:1 | 36010 ||| FLEEEEING.
 36011 | Vaults:1 | 36011 ||| FLEEEEING.
 36012 | Vaults:1 | 36012 ||| FLEEEEING.
 36013 | Vaults:1 | 36013 ||| FLEEEEING.
 36014 | Vaults:1 | 36014 ||| FLEEEEING.
 36015 | Vaults:1 | 36015 ||| FLEEEEING.
 36016 | Vaults:1 | 36016 ||| FLEEEEING.
 36017 | Vaults:1 | 36017 ||| FLEEEEING.
 36018 | Vaults:1 | 36018 ||| FLEEEEING.
 36019 | Vaults:1 | 36019 ||| FLEEEEING.
 36020 | Vaults:1 | 36020 ||| FLEEEEING.
 36021 | Vaults:1 | 36021 ||| FLEEEEING.
 36026 | Vaults:1 | 36026 ||| FLEEEEING.
 36032 | Vaults:1 | 36032 ||| FLEEEEING.
 36033 | Vaults:1 | 36033 ||| FLEEEEING.
 36034 | Vaults:1 | 36034 ||| FLEEEEING.
 36035 | Vaults:1 | 36035 ||| FLEEEEING.
 36036 | Vaults:1 | 36036 ||| FLEEEEING.
 36037 | Vaults:1 | 36037 ||| FLEEEEING.
 36038 | Vaults:1 | 36038 ||| FLEEEEING.
 36039 | Vaults:1 | 36039 ||| FLEEEEING.
 36040 | Vaults:1 | 36040 ||| FLEEEEING.
 36041 | Vaults:1 | 36041 ||| FLEEEEING.
 36042 | Vaults:1 | 36042 ||| FLEEEEING.
 36043 | Vaults:1 | 36043 ||| FLEEEEING.
 36044 | Vaults:1 | 36044 ||| FLEEEEING.
 36045 | Vaults:1 | 36045 ||| FLEEEEING.
 36046 | Vaults:1 | 36046 ||| FLEEEEING.
 36047 | Vaults:1 | 36047 ||| FLEEEEING.
 36048 | Vaults:1 | 36048 ||| FLEEEEING.
 36049 | Vaults:1 | 36049 ||| FLEEEEING.
 36050 | Vaults:1 | 36050 ||| FLEEEEING.
 36051 | Vaults:1 | 36051 ||| FLEEEEING.
 36052 | Vaults:1 | 36052 ||| FLEEEEING.
 36053 | Vaults:1 | 36053 ||| FLEEEEING.
 36054 | Vaults:1 | 36054 ||| FLEEEEING.
 36055 | Vaults:1 | 36055 ||| FLEEEEING.
 36065 | Vaults:1 | 36065 ||| STAIRDANCE
 36072 | Vaults:1 | 36072 ||| STAIRDANCE
 36089 | D:13     | 36089 ||| FLEEEEING.
 36090 | D:13     | 36090 ||| FLEEEEING.
 36091 | D:13     | 36091 ||| FLEEEEING.
 36092 | D:13     | 36092 ||| FLEEEEING.
 36093 | D:13     | 36093 ||| FLEEEEING.
 36094 | D:13     | 36094 ||| FLEEEEING.
 36095 | D:13     | 36095 ||| FLEEEEING.
 36096 | D:13     | 36096 ||| FLEEEEING.
 36107 | D:13     | 36107 ||| FLEEEEING.
 36141 | Vaults:1 | 36141 ||| STAIRDANCE
 36741 | Vaults:1 | 36741 ||| Stepping ~*~*~tactically~*~*~ (hiding).
 36866 | Vaults:1 | 36866 ||| INVOKING Heroism.
 36915 | Vaults:1 | 36915 ||| DROPPING +0 broad axe.
 36976 | Vaults:2 | 36976 ||| Stepping ~*~*~tactically~*~*~ (hiding).
 36982 | Vaults:2 | 36982 ||| INVOKING Heroism.
 36996 | Vaults:2 | Paralysed by a great orb of eyes for 5 turns
 37229 | Vaults:2 | Identified the +0 plate armour "Qeymiuco" {rN+} (Okawaru
                  | gifted it to you on level 2 of the Vaults)
 37229 | Vaults:2 | Received a gift from Okawaru
 37257 | Vaults:2 | 37257 ||| FLEEEEING.
 37258 | Vaults:2 | 37258 ||| FLEEEEING.
 37259 | Vaults:2 | 37259 ||| FLEEEEING.
 37260 | Vaults:2 | 37260 ||| FLEEEEING.
 37261 | Vaults:2 | 37261 ||| FLEEEEING.
 37262 | Vaults:2 | 37262 ||| FLEEEEING.
 37263 | Vaults:2 | 37263 ||| FLEEEEING.
 37264 | Vaults:2 | 37264 ||| FLEEEEING.
 37265 | Vaults:2 | 37265 ||| FLEEEEING.
 37266 | Vaults:2 | 37266 ||| FLEEEEING.
 37267 | Vaults:2 | 37267 ||| FLEEEEING.
 37268 | Vaults:2 | 37268 ||| FLEEEEING.
 37269 | Vaults:2 | 37269 ||| FLEEEEING.
 37270 | Vaults:2 | 37270 ||| FLEEEEING.
 37271 | Vaults:2 | 37271 ||| FLEEEEING.
 37272 | Vaults:2 | 37272 ||| FLEEEEING.
 37273 | Vaults:2 | 37273 ||| FLEEEEING.
 37274 | Vaults:2 | 37274 ||| FLEEEEING.
 37275 | Vaults:2 | 37275 ||| FLEEEEING.
 37276 | Vaults:2 | 37276 ||| FLEEEEING.
 37277 | Vaults:2 | 37277 ||| FLEEEEING.
 37278 | Vaults:2 | 37278 ||| FLEEEEING.
 37279 | Vaults:2 | 37279 ||| FLEEEEING.
 37280 | Vaults:2 | 37280 ||| FLEEEEING.
 37281 | Vaults:2 | 37281 ||| FLEEEEING.
 37282 | Vaults:2 | 37282 ||| FLEEEEING.
 37283 | Vaults:2 | 37283 ||| FLEEEEING.
 37284 | Vaults:2 | 37284 ||| FLEEEEING.
 37285 | Vaults:2 | 37285 ||| FLEEEEING.
 37286 | Vaults:2 | 37286 ||| FLEEEEING.
 37287 | Vaults:2 | 37287 ||| FLEEEEING.
 37289 | Vaults:2 | 37289 ||| FLEEEEING.
 37290 | Vaults:2 | 37290 ||| FLEEEEING.
 37291 | Vaults:2 | 37291 ||| STAIRDANCE
 37393 | Vaults:1 | 37393 ||| DROPPING +0 plate armour.
 37403 | Vaults:2 | 37403 ||| STAIRDANCE
 37461 | Vaults:2 | 37461 ||| STAIRDANCE
 37656 | Vaults:2 | 37656 ||| INVOKING Heroism.
 37742 | Vaults:2 | Reached skill level 17 in Fighting
 37889 | Vaults:2 | 37889 ||| INVOKING Heroism.
 37890 | Vaults:2 | 37890 ||| INVOKING Finesse.
 38090 | Vaults:2 | 38090 ||| Stepping ~*~*~tactically~*~*~ (stealth).
 38175 | Vaults:2 | 38175 ||| INVOKING Finesse.
 38251 | Vaults:2 | 38251 ||| Stepping ~*~*~tactically~*~*~ (hiding).
 38252 | Vaults:2 | 38252 ||| Stepping ~*~*~tactically~*~*~ (hiding).
 38264 | Vaults:2 | 38264 ||| Stepping ~*~*~tactically~*~*~ (hiding).
 38289 | Vaults:2 | 38289 ||| INVOKING Heroism.
 38530 | Vaults:2 | 38530 ||| Stepping ~*~*~tactically~*~*~ (hiding).
 38531 | Vaults:2 | 38531 ||| Stepping ~*~*~tactically~*~*~ (hiding).
 38532 | Vaults:2 | 38532 ||| Stepping ~*~*~tactically~*~*~ (hiding).
 38533 | Vaults:2 | 38533 ||| Stepping ~*~*~tactically~*~*~ (hiding).
 38537 | Vaults:2 | 38537 ||| Stepping ~*~*~tactically~*~*~ (hiding).
 39130 | Vaults:2 | 39130 ||| Stepping ~*~*~tactically~*~*~ (hiding).
 39131 | Vaults:2 | 39131 ||| Stepping ~*~*~tactically~*~*~ (hiding).
 39132 | Vaults:2 | 39132 ||| Stepping ~*~*~tactically~*~*~ (hiding).
 39133 | Vaults:2 | 39133 ||| Stepping ~*~*~tactically~*~*~ (hiding).
 39140 | Vaults:2 | Reached XP level 20. HP: 134/134 MP: 27/27
 39300 | Vaults:3 | Found Ilug's General Store.
 39307 | Vaults:3 | 39307 ||| SHOPLISTING +6 plate armour of the Midnight Sun
                  | {Dex+2 SInv} (1094 gold, have 860).
 39307 | Vaults:3 | 39307 ||| BUYING potion of enlightenment (80 gold).
 39307 | Vaults:3 | Bought a potion of enlightenment for 80 gold pieces
 39338 | Vaults:3 | 39338 ||| Stepping ~*~*~tactically~*~*~ (stealth).
 39380 | Vaults:3 | 39380 ||| Stepping ~*~*~tactically~*~*~ (hiding).
 39434 | Vaults:3 | 39434 ||| Stepping ~*~*~tactically~*~*~ (hiding).
 39435 | Vaults:3 | 39435 ||| Stepping ~*~*~tactically~*~*~ (hiding).
 39562 | Vaults:3 | Received a gift from Okawaru
 39567 | Vaults:3 | Paralysed by a sphinx for 3 turns
 39576 | Vaults:3 | 39576 ||| INVOKING Heroism.
 39578 | Vaults:3 | Reached skill level 18 in Fighting
 39579 | Vaults:3 | Received a gift from Okawaru
 39767 | Vaults:3 | 39767 ||| INVOKING Heroism.
 40028 | Vaults:3 | 40028 ||| Stepping ~*~*~tactically~*~*~ (hiding).
 40349 | Vaults:3 | Found a runed translucent door.
 40349 | Vaults:3 | Noticed foobar1000's ghost (veteran SpHu)
 40452 | Vaults:3 | Identified the +0 pair of gloves of the Morning Star
                  | {Will+} (Okawaru gifted it to you on level 3 of the Vaults)
 40452 | Vaults:3 | Received a gift from Okawaru
 40533 | Vaults:3 | Found a staircase to the Crypt.
 40534 | Vaults:3 | 40534 ||| Stepping ~*~*~tactically~*~*~ (hiding).
 40537 | Vaults:3 | Reached skill level 15 in Armour
 40735 | Vaults:3 | 40735 ||| UPGRADING to +0 pair of gloves of the Morning
                  | Star {Will+}.
 40846 | Vaults:4 | 40846 ||| Stepping ~*~*~tactically~*~*~ (hiding).
 40848 | Vaults:4 | 40848 ||| Stepping ~*~*~tactically~*~*~ (hiding).
 40869 | Vaults:4 | 40869 ||| INVOKING Heroism.
 40901 | Vaults:4 | 40901 ||| FLEEEEING.
 40902 | Vaults:4 | 40902 ||| FLEEEEING.
 40903 | Vaults:4 | 40903 ||| FLEEEEING.
 40904 | Vaults:4 | 40904 ||| FLEEEEING.
 40905 | Vaults:4 | 40905 ||| FLEEEEING.
 40906 | Vaults:4 | 40906 ||| FLEEEEING.
 40907 | Vaults:4 | 40907 ||| FLEEEEING.
 40908 | Vaults:4 | 40908 ||| FLEEEEING.
 40909 | Vaults:4 | 40909 ||| FLEEEEING.
 40910 | Vaults:4 | 40910 ||| FLEEEEING.
 40917 | Vaults:4 | 40917 ||| STAIRDANCE
 41116 | Vaults:4 | 41116 ||| Stepping ~*~*~tactically~*~*~ (stealth).
 41129 | Vaults:4 | 41129 ||| Stepping ~*~*~tactically~*~*~ (hiding).
 41134 | Vaults:4 | 41134 ||| Stepping ~*~*~tactically~*~*~ (hiding).
 41140 | Vaults:4 | 41140 ||| FLEEEEING.
 41141 | Vaults:4 | 41141 ||| FLEEEEING.
 41142 | Vaults:4 | 41142 ||| FLEEEEING.
 41144 | Vaults:4 | 41144 ||| FLEEEEING.
 41145 | Vaults:4 | 41145 ||| FLEEEEING.
 41146 | Vaults:4 | 41146 ||| FLEEEEING.
 41147 | Vaults:4 | 41147 ||| FLEEEEING.
 41148 | Vaults:4 | 41148 ||| FLEEEEING.
 41149 | Vaults:4 | 41149 ||| FLEEEEING.
 41156 | Vaults:4 | 41156 ||| FLEEEEING.
 41157 | Vaults:4 | 41157 ||| FLEEEEING.
 41158 | Vaults:4 | 41158 ||| FLEEEEING.
 41159 | Vaults:4 | 41159 ||| FLEEEEING.
 41160 | Vaults:4 | 41160 ||| FLEEEEING.
 41166 | Vaults:4 | 41166 ||| FLEEEEING.
 41167 | Vaults:4 | 41167 ||| FLEEEEING.
 41168 | Vaults:4 | 41168 ||| FLEEEEING.
 41169 | Vaults:4 | 41169 ||| FLEEEEING.
 41170 | Vaults:4 | 41170 ||| FLEEEEING.
 41171 | Vaults:4 | 41171 ||| FLEEEEING.
 41172 | Vaults:4 | 41172 ||| FLEEEEING.
 41173 | Vaults:4 | 41173 ||| FLEEEEING.
 41174 | Vaults:4 | 41174 ||| FLEEEEING.
 41175 | Vaults:4 | 41175 ||| FLEEEEING.
 41176 | Vaults:4 | 41176 ||| FLEEEEING.
 41177 | Vaults:4 | 41177 ||| FLEEEEING.
 41178 | Vaults:4 | 41178 ||| FLEEEEING.
 41179 | Vaults:4 | 41179 ||| FLEEEEING.
 41180 | Vaults:4 | 41180 ||| FLEEEEING.
 41181 | Vaults:4 | 41181 ||| Stepping ~*~*~tactically~*~*~ (hiding).
 41184 | Vaults:4 | 41184 ||| Stepping ~*~*~tactically~*~*~ (hiding).
 41186 | Vaults:4 | 41186 ||| Stepping ~*~*~tactically~*~*~ (hiding).
 41288 | Vaults:4 | 41288 ||| Stepping ~*~*~tactically~*~*~ (hiding).
 41334 | Vaults:4 | 41334 ||| Stepping ~*~*~tactically~*~*~ (hiding).
 41435 | Vaults:4 | 41435 ||| INVOKING Heroism.
 41623 | Vaults:4 | 41623 ||| Stepping ~*~*~tactically~*~*~ (hiding).
 41624 | Vaults:4 | 41624 ||| Stepping ~*~*~tactically~*~*~ (hiding).
 41652 | Vaults:4 | 41652 ||| INVOKING Heroism.
 41914 | Vaults:4 | 41914 ||| Stepping ~*~*~tactically~*~*~ (stealth).
 41940 | Vaults:4 | 41940 ||| INVOKING Heroism.
 42427 | Vaults:4 | Found Jasoah's Armour Boutique.
 42562 | Vaults:4 | Reached skill level 19 in Fighting
 42654 | Vaults:4 | 42654 ||| PLANNING SHOALS:4
 42654 | Vaults:4 | 42654 ||| READING scroll labelled DURUIFO OQAM.
 42655 | Vaults:4 | 42655 ||| DROPPING +2 broad axe.
 42888 | Shoals:4 | Entered Level 4 of the Shoals
 42889 | Shoals:4 | 42889 ||| INVOKING Heroism.
 42949 | Shoals:4 | Received a gift from Okawaru
 42952 | Shoals:4 | 42952 ||| INVOKING Heroism.
 42974 | Shoals:4 | HP: 33/139 [alligator snapping turtle (4)]
 42975 | Shoals:4 | 42975 ||| READING 4 scrolls of teleportation.
 42975 | Shoals:4 | HP: 16/139 [alligator snapping turtle (7)]
 42976 | Shoals:4 | 42976 ||| DRINKING 4 potions of heal wounds.
 42979 | Shoals:4 | 42979 ||| DRINKING 3 potions of heal wounds.
 43017 | Shoals:4 | 43017 ||| INVOKING Heroism.
 43034 | Shoals:4 | HP: 32/139 [merfolk impaler/+2 demon trident of venom (9)]
 43035 | Shoals:4 | 43035 ||| READING 3 scrolls of teleportation.
 43036 | Shoals:4 | 43036 ||| DRINKING 2 potions of heal wounds.
 43195 | Shoals:4 | 43195 ||| INVOKING Heroism.
 43385 | Shoals:4 | Reached XP level 21. HP: 129/144 MP: 28/28
 43427 | Shoals:4 | 43427 ||| FLEEEEING.
 43428 | Shoals:4 | 43428 ||| FLEEEEING.
 43429 | Shoals:4 | 43429 ||| FLEEEEING.
 43430 | Shoals:4 | 43430 ||| FLEEEEING.
 43434 | Shoals:4 | 43434 ||| STAIRDANCE
 43600 | Shoals:4 | Reached skill level 6 in Dodging
 43691 | Shoals:4 | 43691 ||| INVOKING Heroism.
 43861 | Shoals:4 | Got a barnacled rune of Zot
 43863 | Shoals:4 | 43863 ||| Stepping ~*~*~tactically~*~*~ (stealth).
 43872 | Shoals:4 | Received a gift from Okawaru
 43887 | Shoals:4 | 43887 ||| Stepping ~*~*~tactically~*~*~ (stealth).
 44144 | Shoals:4 | 44144 ||| Stepping ~*~*~tactically~*~*~ (hiding).
 44214 | Shoals:4 | 44214 ||| FLEEEEING.
 44219 | Shoals:4 | 44219 ||| Stepping ~*~*~tactically~*~*~ (stealth).
 44377 | Shoals:4 | 44377 ||| INVOKING Heroism.
 44378 | Shoals:4 | 44378 ||| INVOKING Finesse.
 44611 | Shoals:4 | 44611 ||| Stepping ~*~*~tactically~*~*~ (hiding).
 44773 | Shoals:4 | 44773 ||| PLANNING DEPTHS
 44987 | Depths:1 | Entered Level 1 of the Depths
 44988 | Depths:1 | 44988 ||| INVOKING Finesse.
 45080 | Depths:1 | Found a one-way gate leading to the halls of Pandemonium.
 45084 | Depths:1 | 45084 ||| Stepping ~*~*~tactically~*~*~ (hiding).
 45085 | Depths:1 | 45085 ||| INVOKING Heroism.
 45163 | Depths:1 | Found a snail-covered altar of Cheibriados.
 45164 | Depths:1 | 45164 ||| INVOKING Heroism.
 45331 | Depths:1 | 45331 ||| Stepping ~*~*~tactically~*~*~ (hiding).
 45339 | Depths:1 | Received a gift from Okawaru
 45375 | Depths:1 | Found a stormy altar of Qazlal.
 45398 | Depths:1 | 45398 ||| Stepping ~*~*~tactically~*~*~ (stealth).
 45418 | Depths:1 | Found a one-way gateway to a ziggurat.
 45418 | Depths:1 | Noticed a dread lich
 45425 | Depths:1 | 45425 ||| FLEEEEING.
 45426 | Depths:1 | 45426 ||| FLEEEEING.
 45730 | Depths:2 | 45730 ||| INVOKING Heroism.
 45773 | Depths:2 | Received a gift from Okawaru
 45789 | Depths:2 | 45789 ||| FLEEEEING.
 45790 | Depths:2 | 45790 ||| FLEEEEING.
 45791 | Depths:2 | 45791 ||| FLEEEEING.
 45792 | Depths:2 | 45792 ||| STAIRDANCE
 45934 | Depths:2 | Paralysed by a sphinx for 4 turns
 46036 | Depths:2 | 46036 ||| DROPPING 4 silver boomerangs.
 46037 | Depths:2 | 46037 ||| DROPPING boomerang of dispersal.
 46038 | Depths:2 | 46038 ||| DROPPING 28 boomerangs.
 46053 | Depths:2 | 46053 ||| FLEEEEING.
 46054 | Depths:2 | 46054 ||| FLEEEEING.
 46055 | Depths:2 | 46055 ||| FLEEEEING.
 46056 | Depths:2 | 46056 ||| STAIRDANCE
 46115 | Depths:2 | Reached skill level 20 in Fighting
 46116 | Depths:2 | 46116 ||| STAIRDANCE
 46324 | Depths:2 | 46324 ||| Stepping ~*~*~tactically~*~*~ (stealth).
 46334 | Depths:2 | 46334 ||| Stepping ~*~*~tactically~*~*~ (hiding).
 46335 | Depths:2 | 46335 ||| Stepping ~*~*~tactically~*~*~ (hiding).
 46339 | Depths:2 | 46339 ||| Stepping ~*~*~tactically~*~*~ (hiding).
 46375 | Depths:2 | Found a corrupted altar of Lugonu.
 46375 | Depths:2 | Found a one-way gate to the infinite horrors of the Abyss.
 46395 | Depths:2 | 46395 ||| Stepping ~*~*~tactically~*~*~ (stealth).
 46396 | Depths:2 | 46396 ||| Stepping ~*~*~tactically~*~*~ (stealth).
 46398 | Depths:2 | 46398 ||| Stepping ~*~*~tactically~*~*~ (stealth).
 46443 | Depths:2 | Found a gateway to Hell.
 46451 | Depths:2 | 46451 ||| INVOKING Heroism.
 46459 | Depths:2 | Received a gift from Okawaru
 46857 | Depths:3 | 46857 ||| INVOKING Heroism.
 46983 | Depths:3 | 46983 ||| INVOKING Heroism.
 47034 | Depths:3 | 47034 ||| Stepping ~*~*~tactically~*~*~ (hiding).
 47045 | Depths:3 | 47045 ||| Stepping ~*~*~tactically~*~*~ (hiding).
 47152 | Depths:3 | 47152 ||| Stepping ~*~*~tactically~*~*~ (hiding).
 47153 | Depths:3 | 47153 ||| Stepping ~*~*~tactically~*~*~ (hiding).
 47154 | Depths:3 | 47154 ||| Stepping ~*~*~tactically~*~*~ (hiding).
 47168 | Depths:3 | 47168 ||| INVOKING Heroism.
 47169 | Depths:3 | 47169 ||| INVOKING Finesse.
 47240 | Depths:3 | Found the +4 skin of Zhor {*Englaciate rC+++ SInv}
 47260 | Depths:3 | Identified the staff of Bloody Death {rPois rCorr Str+2
                  | Poison}
 47309 | Depths:3 | 47309 ||| Stepping ~*~*~tactically~*~*~ (hiding).
 47310 | Depths:3 | 47310 ||| Stepping ~*~*~tactically~*~*~ (hiding).
 47311 | Depths:3 | 47311 ||| Stepping ~*~*~tactically~*~*~ (hiding).
 47464 | Depths:3 | 47464 ||| Stepping ~*~*~tactically~*~*~ (hiding).
 47626 | Depths:3 | 47626 ||| Stepping ~*~*~tactically~*~*~ (hiding).
 47628 | Depths:3 | 47628 ||| Stepping ~*~*~tactically~*~*~ (hiding).
 47647 | Depths:3 | Reached skill level 21 in Shields
 47648 | Depths:3 | 47648 ||| INVOKING Heroism.
 48056 | Depths:3 | 48056 ||| Stepping ~*~*~tactically~*~*~ (hiding).
 48059 | Depths:3 | 48059 ||| INVOKING Heroism.
 48128 | Depths:3 | 48128 ||| Stepping ~*~*~tactically~*~*~ (hiding).
 48142 | Depths:3 | Reached XP level 22. HP: 140/152 MP: 29/29
 48150 | Depths:3 | Received a gift from Okawaru
 48339 | Depths:3 | Found Irchalesa's Jewellery Emporium.
 48340 | Depths:3 | Found Igremex's Book Boutique.
 48342 | Depths:3 | Found Koarrog's Jewellery Emporium.
 48348 | Depths:3 | 48348 ||| BUYING ring "Iwus" {rPois rC+ Str+5 Slay+3} (571
                  | gold).
 48348 | Depths:3 | Bought the ring "Iwus" {rPois rC+ Str+5 Slay+3} for 571
                  | gold pieces
 48348 | Depths:3 | 48348 ||| BUYING ring of Ubizas {rN+ rCorr Dex+3} (375
                  | gold).
 48348 | Depths:3 | Bought the ring of Ubizas {rN+ rCorr Dex+3} for 375 gold
                  | pieces
 48348 | Depths:3 | 48348 ||| BUYING ring of protection from cold (250 gold).
 48348 | Depths:3 | Bought a ring of protection from cold for 250 gold pieces
 48352 | Depths:3 | 48352 ||| UPGRADING to ring "Iwus" {rPois rC+ Str+5
                  | Slay+3}.
 48354 | Depths:3 | 48354 ||| DROPPING ring of ice.
 48355 | Depths:3 | 48355 ||| DROPPING ring of ice.
 48356 | Depths:3 | 48356 ||| UPGRADING to +5 ring of evasion.
 48358 | Depths:3 | 48358 ||| DROPPING +6 ring of strength.
 48398 | Depths:4 | Entered Level 4 of the Depths
 48406 | Depths:4 | 48406 ||| Stepping ~*~*~tactically~*~*~ (hiding).
 48422 | Depths:4 | Noticed a golden dragon
 48423 | Depths:4 | 48423 ||| INVOKING Heroism.
 48426 | Depths:4 | 48426 ||| INVOKING Finesse.
 48444 | Depths:4 | Killed a golden dragon
 48446 | Depths:4 | Received a gift from Okawaru
 48467 | Depths:4 | Received a gift from Okawaru
 48488 | Depths:4 | 48488 ||| Stepping ~*~*~tactically~*~*~ (stealth).
 48536 | Depths:4 | 48536 ||| Stepping ~*~*~tactically~*~*~ (stealth).
 48537 | Depths:4 | 48537 ||| INVOKING Heroism.
 48545 | Depths:4 | Reached skill level 18 in Armour
 48548 | Depths:4 | Noticed a golden dragon
 48549 | Depths:4 | 48549 ||| INVOKING Finesse.
 48560 | Depths:4 | Killed a golden dragon
 48675 | Depths:4 | Identified the +6 scale mail "Rosmo" {Str+2 Stlth+}
 48676 | Depths:4 | 48676 ||| INVOKING Heroism.
 48685 | Depths:4 | 48685 ||| INVOKING Finesse.
 48711 | Depths:4 | 48711 ||| INVOKING Heroism.
 48734 | Depths:4 | 48734 ||| INVOKING Heroism.
 48752 | Depths:4 | 48752 ||| Stepping ~*~*~tactically~*~*~ (stealth).
 48753 | Depths:4 | 48753 ||| Stepping ~*~*~tactically~*~*~ (stealth).
 48754 | Depths:4 | 48754 ||| Stepping ~*~*~tactically~*~*~ (stealth).
 48778 | Depths:4 | Received a gift from Okawaru
 48929 | Depths:4 | 48929 ||| Stepping ~*~*~tactically~*~*~ (stealth).
 48931 | Depths:4 | 48931 ||| Stepping ~*~*~tactically~*~*~ (stealth).
 48934 | Depths:4 | 48934 ||| Stepping ~*~*~tactically~*~*~ (stealth).
 48936 | Depths:4 | 48936 ||| Stepping ~*~*~tactically~*~*~ (stealth).
 48937 | Depths:4 | 48937 ||| Stepping ~*~*~tactically~*~*~ (stealth).
 48938 | Depths:4 | 48938 ||| Stepping ~*~*~tactically~*~*~ (stealth).
 48939 | Depths:4 | 48939 ||| Stepping ~*~*~tactically~*~*~ (stealth).
 48951 | Depths:4 | Reached skill level 21 in Fighting
 48957 | Depths:4 | Received a gift from Okawaru
 49090 | Depths:4 | 49090 ||| INVOKING Heroism.
 49325 | Depths:4 | Noticed a caustic shrike
 49325 | Depths:4 | Noticed a caustic shrike
 49325 | Depths:4 | Noticed a caustic shrike
 49326 | Depths:4 | Noticed a caustic shrike
 49326 | Depths:4 | 49326 ||| Stepping ~*~*~tactically~*~*~ (stealth).
 49327 | Depths:4 | 49327 ||| INVOKING Heroism.
 49334 | Depths:4 | Killed a caustic shrike
 49342 | Depths:4 | Killed a caustic shrike
 49344 | Depths:4 | Killed a caustic shrike
 49344 | Depths:4 | Received a gift from Okawaru
 49346 | Depths:4 | Noticed a caustic shrike
 49348 | Depths:4 | Killed a caustic shrike
 49353 | Depths:4 | Killed a caustic shrike
 49544 | Depths:4 | Found a gate to the Realm of Zot.
 49656 | Depths:4 | Noticed a caustic shrike
 49656 | Depths:4 | Noticed a caustic shrike
 49656 | Depths:4 | Noticed a caustic shrike
 49657 | Depths:4 | 49657 ||| INVOKING Heroism.
 49673 | Depths:4 | Killed a caustic shrike
 49674 | Depths:4 | Killed a caustic shrike
 49675 | Depths:4 | HP: 36/155 [acid (8)]
 49676 | Depths:4 | 49676 ||| READING 2 scrolls of teleportation.
 49677 | Depths:4 | 49677 ||| DRINKING potion of heal wounds.
 49695 | Depths:4 | Killed a caustic shrike
 49695 | Depths:4 | Received a gift from Okawaru
 49939 | Depths:4 | 49939 ||| INVOKING Heroism.
 50139 | Depths:4 | 50139 ||| PLANNING VAULTS:5
 50139 | Depths:4 | 50139 ||| DROPPING +0 plate armour "Qeymiuco" {rN+}.
 50173 | Depths:2 | Reached skill level 12 in Throwing
 50217 | Depths:2 | 50217 ||| READING scroll of brand weapon.
 50217 | Depths:2 | 50217 ||| BRANDING +4 broad axe of flaming.
 50479 | Vaults:5 | Entered Level 5 of the Vaults
 50482 | Vaults:5 | 50482 ||| INVOKING Heroism.
 50499 | Vaults:5 | Received a gift from Okawaru
 50505 | Vaults:5 | 50505 ||| STAIRDANCE
 50514 | Vaults:4 | Received a gift from Okawaru
 50770 | Vaults:5 | 50770 ||| STAIRDANCE
 50773 | Vaults:4 | 50773 ||| INVOKING Heroism.
 50895 | Vaults:5 | 50895 ||| INVOKING Heroism.
 50908 | Vaults:5 | 50908 ||| STAIRDANCE
 51120 | Vaults:5 | 51120 ||| INVOKING Heroism.
 51124 | Vaults:5 | Reached skill level 22 in Fighting
 51132 | Vaults:5 | Reached XP level 23. HP: 95/162 MP: 28/30
 51147 | Vaults:5 | Noticed a golden dragon
 51148 | Vaults:5 | 51148 ||| INVOKING Finesse.
 51156 | Vaults:5 | Noticed a golden dragon
 51166 | Vaults:5 | HP: 33/162 [golden dragon (15)]
 51167 | Vaults:5 | 51167 ||| READING 2 scrolls of teleportation.
 51168 | Vaults:5 | Killed a golden dragon
 51168 | Vaults:5 | Received a gift from Okawaru
 51175 | Vaults:5 | HP: 37/162 [tengu reaver/+0 battleaxe (3)]
 51176 | Vaults:5 | Received a gift from Okawaru
 51176 | Vaults:5 | Killed a golden dragon
 51193 | Vaults:5 | 51193 ||| Stepping ~*~*~tactically~*~*~ (hiding).
 51194 | Vaults:5 | 51194 ||| INVOKING Heroism.
 51194 | Vaults:5 | Noticed Mennas
 51196 | Vaults:5 | 51196 ||| DRINKING 12 potions of curing.
 51196 | Vaults:5 | 51196 ||| (to cure confusion)
 51203 | Vaults:5 | Killed Mennas
 51204 | Vaults:5 | 51204 ||| INVOKING Finesse.
 51208 | Vaults:5 | HP: 40/162 [storm dragon (8)]
 51209 | Vaults:5 | 51209 ||| READING scroll of teleportation.
 51209 | Vaults:5 | HP: 14/157 [tengu reaver/bolt of negative energy (18)]
 51211 | Vaults:5 | Mangled by a storm dragon

Levels and vault maps discovered:
D:1:      minmay_arrival_nine_rooms, layout_basic, serial_forest,
          infiniplex_forest_lined_room_, infiniplex_forest_corner_1,
          infiniplex_forest_lined_3, infiniplex_forest_clump_medium,
          infiniplex_forest_lined_3, infiniplex_forest_clump_double,
          infiniplex_forest_lined_room_3, infiniplex_forest_side_room,
          infiniplex_forest_clump_diagonal, infiniplex_forest_clump_medium
D:2:      layout_basic
D:3:      layout_loops_ring, mainiacjoe_overflow_tiny_flanked,
          gammafunk_ghost_icy, uniq_natasha, uniq_robin, uniq_sigmund
D:4:      layout_loops_cross
D:5:      layout_basic, grunt_dithmenos_shadows
D:6:      layout_gridville, dk_yredelemnul_ordeal, minmay_temple_entry_grid
D:7:      minmay_chambers_of_sixes, layout_basic
D:8:      layout_basic, serial_shops, shop, shop, shop, nicolae_shop_dealshenge,
          minmay_nine_imps
D:9:      minmay_chopped_fan, layout_irregular_city, roderic_lattice_a
D:10:     layout_loops_cross, nicolae_overflow_squiral, minivault_13,
          uniq_erica, uniq_snorg, uniq_maggie
D:11:     layout_rooms, uniq_fannar, uniq_psyche
D:12:     layout_long_grid, orc_david_3, special_room [special_room_orc],
          uniq_nergalle, uniq_rupert
D:13:     layout_loops_ring, erik_vaults_2, tgw_xom, uniq_urug, uniq_jorgrun
D:14:     layout_loops_ring, serial_shops, shop, nemelex_diamond_rough_becter
D:15:     gammafunk_enter_depths_forms, layout_cave_pods, serial_shops,
          nicolae_shop_gaudy_bauble, hangedman_abyss_or_decor_stagger
Temple:   sentei_temple_godly_chess
Lair:1:   layout_chaotic_city
Lair:2:   layout_chaotic_city, elwin_shoals_entry_stream,
          nicolae_snake_entry_squirm, serial_bayou_pond_a, serial_bayou_pond_e
Lair:3:   layout_cave_pods, st_stairs_7, uniq_kirke
Lair:4:   layout_long_grid, basic_altar
Lair:5:   hangedman_lair_in_review, layout_big_grid,
          nicolae_slime_entry_field_trip, basic_altar, serial_bayou_pond_a
Shoals:1: layout_shoals, nicolae_shop_firing_range
Shoals:2: layout_shoals, uniq_polyphemus
Shoals:3: layout_shoals
Shoals:4: shoals_end_simple, layout_shoals, nicolae_shoals_enchanted_isle
Snake:1:  layout_chambers, portal_ice_cave_entry_dragon,
          chequers_hall_statues_corner_a, serial_bayou_lake_a,
          serial_bayou_shore_b, minmay_shop_star, uniq_roxanne
Snake:2:  layout_misc_corridors, grunt_megastairs_5, uniq_agnes
Snake:3:  layout_onion, drop_trap, uniq_aizul
Snake:4:  grunt_snake_rune_spirals, layout_concentric_octagons, basic_altar,
          nicolae_snake_storage_room
Orc:1:    layout_diamond_mine
Orc:2:    st_orc_congregation, layout_caves, basic_altar,
          gauntlet_entry_generic, uniq_azrael
Vaults:1: nicolae_vaults_doubleplus_tesselated, hangedman_vaults_capsules,
          v_misc_11, nicolae_vaults_specimen_jars, nicolae_vaults_meiosis,
          ontoclasm_vaults_ring_large, nicolae_vaults_bisected_exclaves,
          vaults_mumra_lcd, nicolae_vaults_house_2,
          nicolae_vaults_security_offices_1, grunt_vaults_hallway_short,
          layout_vaults_big_cross
Vaults:2: v_misc_24, v_misc_31, vaults_room_octagon, v_rooms_3,
          nicolae_vaults_sealed_display, nicolae_vaults_trapezoid_lopsided_1,
          nicolae_vaults_tetromino_Z_2, nicolae_vaults_security_offices_5,
          nicolae_vaults_little_squares_1, grunt_vaults_funnel,
          nicolae_vaults_more_shelving_1, layout_vaults_ring
Vaults:3: hellmonk_ghost_happy_afterlife, vaults_dpeg_diagonal,
          nicolae_vaults_yaktaur_gun_rack, nicolae_vaults_little_squares_1,
          vaults_room_grid, minmay_crypt_entry_simple_round,
          nicolae_vaults_little_ls, ontoclasm_vaults_twist,
          nicolae_vaults_variable_pillar_hall, v_misc_22, v_misc_25,
          nicolae_vaults_apartment_2, layout_vaults_maze_bifur, serial_shops,
          shop
Vaults:4: vaults_dpeg_ring, nicolae_vaults_oval_intersection,
          nicolae_vaults_angled_halls, nicolae_vaults_more_shelving_2,
          vaults_room_fancy_cross, vaults_mumra_hex, vaults_mumra_minichess,
          nicolae_vaults_taking_the_gang_shopping, st_more_cells,
          layout_vaults_omnigrid
Vaults:5: uniq_mennas
Depths:1: layout_cave_pools, enter_ziggurat_d, grunt_qazlal_clouds,
          abyss_entry_crystal, hell_entry, pan_entry, slow_altar_2,
          firewood_loft
Depths:2: kennysheep_ogre_elephant_herders, layout_cave_pools,
          abyss_entry_flame_altar, pan_entry, serial_bayou_pond_b,
          grunt_metal_band
Depths:3: minmay_stepped, layout_honeycomb, hell_entry, abyss_entry,
          nicolae_cairo_tiling_large, serial_bayou_shore_a, minmay_shop_grove,
          infiniplex_staircase_squiggle
Depths:4: evilmike_zot_entry_diamond, layout_cave_pools,
          minmay_misc_feat_diagonals, grunt_hell_entry_dis_old

Skill      XL: |  1  2  3  4  5  6  7  8  9 10 11 12 13 14 15 16 17 18 19 20 21 22 |
---------------+-------------------------------------------------------------------+-----
Axes           | 2 3 5 6 7 9 11 12 14 16 17 18 | 18.0
Fighting       | 4 5 6 7 9 10 11 12 14 15 17 19 20 22 | 22.0
Dodging        | 1 2 3 4 5 6 7 |  7.0
Throwing       | 1 4 5 6 7 9 10 11 12 | 12.0
Shields        | 4 5 6 7 8 12 17 18 19 20 21 | 21.2
Invocations    | 4 5 9 10 | 10.0
Armour         | 5 6 8 9 10 11 13 14 16 17 18 | 18.5

Action                     |  1- 3 |  4- 6 |  7- 9 | 10-12 | 13-15 | 16-18 | 19-21 | 22-24 || total
---------------------------+-------+-------+-------+-------+-------+-------+-------+-------++-------
  Melee: War axe           |    81 |    58 |   199 |    48 |       |       |       |       ||   386
         Broad axe         |       |       |       |   491 |   837 |  1524 |  1589 |   438 ||  4879
         Flail             |       |       |       |    23 |    67 |       |       |       ||    90
         Morningstar       |       |       |       |       |    11 |       |       |       ||    11
  Throw: Boomerang         |       |     3 |    32 |    53 |   106 |     1 |     6 |       ||   201
         Javelin           |       |       |       |    36 |   154 |   122 |   122 |    39 ||   473
 Invoke: Heroism           |       |       |     5 |    20 |    35 |    46 |    26 |    14 ||   146
         Finesse           |       |       |       |       |    11 |     7 |     5 |     5 ||    28
    Use: Scroll            |    10 |     4 |     4 |     8 |     9 |     8 |     4 |     4 ||    51
         Potion            |     2 |     1 |     2 |     5 |     4 |     3 |     3 |     2 ||    22
   Stab: Confused          |       |       |       |       |       |       |       |     2 ||     2
 Armour: Scale mail        |    30 |    20 |    83 |       |       |       |       |       ||   133
         Chain mail        |       |       |    13 |   177 |   372 |   433 |   549 |   171 ||  1715
         Skin              |       |       |     1 |       |       |       |       |       ||     1
         Plate armour      |       |       |       |   155 |    24 |       |       |       ||   179
  Dodge: Dodged            |    38 |    42 |   114 |   389 |   478 |   433 |   565 |   176 ||  2235
  Block: Buckler           |     6 |    10 |    28 |   171 |   154 |       |       |       ||   369
         Tower shield      |       |       |       |       |   140 |  1174 |  1425 |   359 ||  3098

Table legend:
 A = Non-vault XP
 B = Vault XP
 C = Vault XP percentage of total XP
 D = Non-vault monster count
 E = Vault monster count
 F = Vault count percentage of total count
                 A         B        C        D         E       F
            +---------+---------+-------+---------+---------+-------
      Total |  437049 |  291078 |  40.0 |    1017 |     510 |  33.4
            +---------+---------+-------+---------+---------+-------
        D:1 |      45 |       0 |   0.0 |      27 |       0 |   0.0
        D:2 |      43 |       0 |   0.0 |      13 |       0 |   0.0
        D:3 |     124 |     286 |  69.8 |      17 |      14 |  45.2
        D:4 |     281 |       0 |   0.0 |      18 |       0 |   0.0
        D:5 |     318 |     109 |  25.5 |       9 |       1 |  10.0
        D:6 |     879 |       1 |   0.1 |      23 |       1 |   4.2
        D:7 |    1379 |    1006 |  42.2 |      14 |       6 |  30.0
        D:8 |    3086 |     323 |   9.5 |      32 |       9 |  22.0
        D:9 |    2299 |    4589 |  66.6 |      21 |      12 |  36.4
       D:10 |    2091 |    5809 |  73.5 |      15 |       8 |  34.8
       D:11 |    3167 |    1242 |  28.2 |       8 |       2 |  20.0
       D:12 |    5840 |    4042 |  40.9 |      18 |      32 |  64.0
       D:13 |    4888 |   10077 |  67.3 |       8 |      14 |  63.6
       D:14 |   10347 |       0 |   0.0 |      25 |       0 |   0.0
       D:15 |   14236 |    4983 |  25.9 |      33 |       7 |  17.5
     Lair:1 |    7535 |       0 |   0.0 |      36 |       0 |   0.0
     Lair:2 |    5723 |    2099 |  26.8 |      25 |       7 |  21.9
     Lair:3 |    5613 |    2807 |  33.3 |      20 |       6 |  23.1
     Lair:4 |   10106 |       0 |   0.0 |      27 |       0 |   0.0
     Lair:5 |   14142 |   10392 |  42.4 |      51 |      26 |  33.8
   Shoals:1 |    8698 |       6 |   0.1 |      19 |       3 |  13.6
   Shoals:2 |   16239 |    4793 |  22.8 |      37 |       5 |  11.9
   Shoals:3 |   11996 |       0 |   0.0 |      26 |       0 |   0.0
   Shoals:4 |   15842 |   28028 |  63.9 |      33 |      53 |  61.6
    Snake:1 |    4977 |    2242 |  31.1 |      15 |       2 |  11.8
    Snake:2 |   15758 |    2332 |  12.9 |      34 |       3 |   8.1
    Snake:3 |   19095 |    1191 |   5.9 |      40 |       1 |   2.4
    Snake:4 |   13302 |   47979 |  78.3 |      29 |      69 |  70.4
      Orc:1 |    3149 |       0 |   0.0 |      34 |       0 |   0.0
      Orc:2 |    1079 |   12636 |  92.1 |      19 |      70 |  78.7
   Vaults:1 |   28725 |   17295 |  37.6 |      42 |      23 |  35.4
   Vaults:2 |   33559 |   15037 |  30.9 |      57 |      19 |  25.0
   Vaults:3 |   31833 |    5093 |  13.8 |      38 |       9 |  19.1
   Vaults:4 |   16410 |   30545 |  65.1 |      25 |      37 |  59.7
   Vaults:5 |    6035 |   37158 |  86.0 |      11 |      33 |  75.0
   Depths:1 |   10053 |     946 |   8.6 |      11 |       1 |   8.3
   Depths:2 |   24363 |   15269 |  38.5 |      29 |      19 |  39.6
   Depths:3 |   24158 |    8317 |  25.6 |      29 |       7 |  19.4
   Depths:4 |   59636 |   14446 |  19.5 |      49 |      11 |  18.3
            +---------+---------+-------+---------+---------+-------
